 Dungeon Crawl Stone Soup version 0.17-a0-1210-g1e4f09d (webtiles) character file.

11532177 Githyanki the Axe Maniac (level 27, 298/298 HPs)
             Began as a Deep Dwarf Fighter on May 30, 2015.
             Was the Champion of Makhleb.
             Escaped with the Orb
             ... and 15 runes on June 3, 2015!
             The game lasted 17:27:40 (149119 turns).

Githyanki the Axe Maniac (Deep Dwarf Fighter)     Turns: 149119, Time: 17:27:40

Health: 298/298    AC: 61    Str: 28    XL:     27
Magic:  61/61      EV: 33    Int: 12    God:    Makhleb [******]
Gold:   21903      SH: 38    Dex: 23    Spells: 15 memorised, 0 levels left

rFire  + + .     SeeInvis +     u - +9 broad axe (chop)
rCold  + + .     Clarity  .     t - +12 gold dragon armour
rNeg   + + +     SustAt   .     b - +8 large shield {reflect}
rPois  +         Gourm    .     D - +3 crown of Dyrovepreva {rElec Int+2 SInv}
rElec  +         Spirit   .     R - +2 cloak {MR+}
rCorr  .         Warding  .     Z - +3 pair of gauntlets of War {Slay+5}
rMut   +         NoTele   +     x - +2 pair of boots {run}
MR     +++++                    Q - amulet of the Ancients {rMut rPois rF+ Str+5 Stlth-}
Stlth  ..........               G - ring of Veddior {-Tele rC+ rN+ MP+9 EV+5}
                                F - ring of Shadows {Umbra +Inv rN+ SInv}

@: very slightly contaminated, non-regenerating, hasted, wreathed by umbra, very
quick, almost entirely resistant to hostile enchantments, extremely unstealthy
A: damage resistance, recharge devices, antennae 1, hooves 1, iridescent scales
1, large bone plates 1, thin skeletal structure 1, negative energy resistance 1,
sense surroundings 3, screaming 2, slow healing 3, spit poison 1, wild magic 1
a: Device Recharging, Spit Poison, Minor Destruction, Lesser Servant of Makhleb,
Major Destruction, Greater Servant of Makhleb, Renounce Religion, Evoke
Invisibility
0: Orb of Zot
}: 15/15 runes: decaying, serpentine, slimy, silver, golden, iron, obsidian,
icy, bone, abyssal, demonic, glowing, magical, fiery, dark


You escaped.
You worshipped Makhleb.
Makhleb was exalted by your worship.
You were not hungry.

You visited 18 branches of the dungeon, and saw 95 of its levels.
You visited Pandemonium 4 times, and saw 41 of its levels.
You visited the Abyss 10 times.
You visited 1 bazaar.
You completed 1 ziggurat, and saw 27 of its levels.
You also visited: Trove and Sewer.

You collected 26761 gold pieces.
You spent 4858 gold pieces at shops.

Inventory:

Hand weapons
 u - a +9 broad axe of chopping (weapon)
 E - the +14 obsidian axe {chop, +Fly Str+3 SInv *Curse}
   (You found it on level 7 of Tartarus)

   It inflicts extra damage upon your enemies.
   It affects your strength (+3).
   It lets you see invisible.
   It lets you fly.
   It may re-curse itself when equipped.
 O - the +7 battleaxe of Gevvomni {flame, *Confuse Str+5 Int+3}
   (You found it on level 5 of the Realm of Zot)

   It has been specially enchanted to burn those struck by it, causing extra
   injury to most foes and up to half again as much damage against particularly
   susceptible opponents.
   Big, fiery blades are also staple armaments of hydra-hunters.
   It affects your strength (+5).
   It affects your intelligence (+3).
   It may confuse you when you take damage.
Armour
 b - a +8 large shield of reflection (worn)
 t - a +12 gold dragon armour (worn)
 x - a +2 pair of boots of running (worn)
 D - the +3 crown of Dyrovepreva (worn) {rElec Int+2 SInv}
   (You found it on level 3 of the Tomb of the Ancients)

   It affects your intelligence (+2).
   It insulates you from electricity.
   It lets you see invisible.
 H - the +2 pair of boots "Untazy" {rPois rN+++ Int-3 SInv}
   (You bought it in a shop on level 2 of the Snake Pit)

   It affects your intelligence (-3).
   It protects you from poison.
   It renders you almost immune to negative energy.
   It lets you see invisible.
 R - a +2 cloak of magic resistance (worn)
 Z - the +3 pair of gauntlets of War (worn) {Slay+5}
   (You found it on level 8 of the Lair of Beasts)

   It affects your accuracy and damage with ranged weapons and melee attacks
   (+5).
Jewellery
 c - an uncursed ring of protection from fire
 l - the ring "Ostrel" {+Fly rPois AC+1 Str+3}
   (You found it on level 7 of Tartarus)

   [ring of protection]

   It affects your AC (+1).
   It affects your strength (+3).
   It protects you from poison.
   It lets you fly.
 y - the ring of Ycempie {rC+ Str+6 Int+3}
   (You found it on level 26 of a ziggurat)

   [ring of protection from cold]

   It affects your strength (+6).
   It affects your intelligence (+3).
   It protects you from cold.
 F - the ring of Shadows (left hand) {Umbra +Inv rN+ SInv}
   (You found it on level 3 of the Tomb of the Ancients)

   [ring of invisibility]

   It protects you from negative energy.
   It lets you see invisible.
   It lets you turn invisible.
 G - the ring of Veddior (right hand) {-Tele rC+ rN+ MP+9 EV+5}
   (You found it in Pandemonium)

   [ring of evasion]

   It affects your evasion (+5).
   It protects you from cold.
   It protects you from negative energy.
   It affects your magic capacity (+9).
   It prevents most forms of teleportation.
 K - the amulet "Pabux" {rCorr Str+4}
   (You found it on level 3 of the Snake Pit)

   [amulet of resist corrosion]

   It protects you from acid and corrosion.
   It affects your strength (+4).
 L - the ring of Robustness {AC+8}
   (You found it on level 11 of a ziggurat)

   [ring of protection]

   It affects your AC (+8).
 Q - the amulet of the Ancients (around neck) {rMut rPois rF+ Str+5 Stlth-}
   (You found it on level 3 of the Crypt)

   [amulet of resist mutation]

   It protects you from mutation.
   It affects your strength (+5).
   It protects you from fire.
   It protects you from poison.
   It makes you less stealthy.
 S - the ring of Ziggui Nelyp {Ice *Corrode rPois Slay+5 SInv}
   (You bought it in a shop on level 2 of the Snake Pit)

   [ring of ice]

   It enhances your ice magic, and weakens your fire magic.
   It affects your accuracy and damage with ranged weapons and melee attacks
   (+5).
   It makes you vulnerable to fire.
   It protects you from cold.
   It protects you from poison.
   It lets you see invisible.
   It may corrode your equipment when you take damage.
 W - an uncursed ring of sustain attributes
 Y - the ring of Midnight {+cTele *Contam rElec Int+3}
   (You found it on level 19 of a ziggurat)

   [ring of teleport control]

   It can be evoked for teleport control.
   It affects your intelligence (+3).
   It insulates you from electricity.
   It causes magical contamination when unequipped.
Magical devices
 i - a wand of heal wounds (6)
 n - a wand of digging (14)
 M - a wand of hasting (0)
Scrolls
 a - a scroll of silence
 h - 6 scrolls of magic mapping
 j - 23 scrolls of identify
 o - 21 scrolls of fog
 r - 13 scrolls of blinking
 s - 39 scrolls of teleportation
 z - a scroll of fear
 A - 6 scrolls of recharging
 C - 2 scrolls of brand weapon
 I - 54 scrolls of remove curse
 T - 8 scrolls of holy word
Potions
 d - 10 potions of might
 e - 15 potions of brilliance
 g - 3 potions of ambrosia
 k - 34 potions of curing
 m - a potion of heal wounds
 p - 14 potions of cure mutation
 v - 6 potions of magic
 w - 8 potions of berserk rage
 B - 9 potions of haste
 J - a potion of cancellation
 N - 3 potions of invisibility
 U - 9 potions of agility
 X - 5 potions of resistance
Comestibles
 f - 8 bread rations
 q - 27 royal jellies
 V - 45 meat rations


   Skills:
 O Level 27 Fighting
   Level 1.0 Short Blades
 O Level 27 Axes
   Level 1.0 Staves
   Level 14.9 Crossbows
 - Level 0.3 Throwing
 O Level 27 Armour
 O Level 27 Dodging
 - Level 7.5 Stealth
 O Level 27 Shields
 - Level 0.5 Unarmed Combat
 O Level 27 Spellcasting
 - Level 2.5 Conjurations
 + Level 26.9 Hexes
 O Level 27 Charms
 - Level 4.0 Summonings
 O Level 27 Necromancy
 - Level 5.3 Translocations
 O Level 27 Transmutations
 - Level 3.1 Ice Magic
 - Level 11.1 Air Magic
 O Level 27 Earth Magic
 - Level 1.0 Invocations
 O Level 27 Evocations


You couldn't memorise any spells.
You knew the following spells:

 Your Spells              Type           Power        Failure   Level  Hunger
a - Stoneskin             Trmt/Erth      #######.     1%          2    None
b - Song of Slaying       Chrm           #######.     1%          2    None
c - Dispel Undead         Necr           #######.     1%          5    ###....
d - Shroud of Golubria    Chrm/Tloc      ######....   1%          2    None
e - Silence               Hex/Air        #######...   1%          5    ###....
f - Necromutation         Trmt/Necr      #######...   11%         8    #######
g - Death's Door          Chrm/Necr      #######...   11%         8    #######
h - Cigotuvi's Embrace    Necr           #######...   1%          5    ###....
i - Haste                 Chrm           #######.     1%          6    #####..
j - Discord               Hex            #######...   11%         8    #######
k - Death Channel         Necr           #######...   1%          6    #####..
l - Metabolic Englaciati  Hex/Ice        ######....   3%          5    ###....
m - Control Teleport      Chrm/Tloc      ######....   1%          4    None
n - Irradiate             Conj/Trmt      ######....   3%          5    ###....
o - Dragon's Call         Summ           #####.....   100%        9    #######


Dungeon Overview and Level Annotations

Branches:
Dungeon (15/15)            Temple (1/1) D:7            Lair (8/8) D:10
  Swamp (4/4) Lair:5        Snake (4/4) Lair:6        Slime (6/6) Lair:6
    Orc (4/4) D:11            Elf (3/3) Orc:3        Vaults (5/5) D:13
  Crypt (3/3) Vaults:3       Tomb (3/3) Crypt:3      Depths (5/5) D:15
   Hell (1/1)                 Dis (7/7) Hell            Geh (7/7) Hell
    Coc (7/7) Hell            Tar (7/7) Hell            Zot (5/5) Depths:5

Altars:
Ashenzari
Cheibriados
Dithmenos
Elyvilon
Fedhas
Gozag
Kikubaaqudgha
Makhleb
Nemelex Xobeh
Okawaru
Qazlal
Ru
Sif Muna
Trog
Vehumet
Xom
Yredelemnul
Zin
The Shining One
Jiyva

Shops:
D:8 [   D:10 [   D:11 *   D:13 %[([   Orc:4 ?*?(   Elf:1 [   Snake:2 [=

Portals:
Hell: Depths:1 Depths:2 Depths:3 Depths:4 Depths:5
Abyss: Depths:1 Depths:4
Pandemonium: Depths:1 Depths:3 Depths:4
Ziggurat: Depths:5

Annotations:
Swamp:2 exclusion: Roxanne, Roxanne


Innate Abilities, Weirdness & Mutations

You are resistant to damage.
You can recharge devices by infusing magical energy.
You resist negative energy.
You passively map a large area around you.
You do not heal naturally.
You have a pair of small antennae on your head.
You have large cloven feet.
You are partially covered in iridescent scales (AC +4).
You are partially covered in large bone plates (AC +2, SH +2).
You have a somewhat thin skeletal structure (Dex +2, Stealth).
You sometimes yell uncontrollably at your foes.
You can spit weak poison.
Your spells are a little harder to cast, but a little more powerful.


Message History

You hit the lorocyproca.
The lorocyproca is heavily wounded.
You block the lorocyproca's attack.
You slash the lorocyproca!
The lorocyproca is severely wounded.
You slice the lorocyproca!!
The lorocyproca is almost dead.
You block the lorocyproca's attack.
You closely miss the lorocyproca.
The lorocyproca is almost dead.
You completely miss the lorocyproca.
The lorocyproca is almost dead.
You block the lorocyproca's attack.
You slash the lorocyproca!
You kill the lorocyproca!
Makhleb accepts your kill.
You enter the shallow water.
Moving in this stuff is going to be slow.
There is a staircase leading out of the dungeon here.
You have escaped!

##..).....#.#.#..####.#
......########.....#############
##..(....##...........##.....†.#
#...#####.............###.###.#
#...# #.............# #.# #.#
#...# #.............###.# #.##
#...# #.....≈≈≈.....#...# #...
##...#####....≈...≈....#..####.##
.........#....≈.@.≈....#..#......
.........#....≈...≈....#.......##
.........#...(.≈≈≈.....#........#
##...#####.............#.........
#...# #.............##.......#
#...# #.......[.....###.....##
##...# ##...........#####...##
.....# ####.....####...##.##
.....#########.....#.####.##.#


There were no monsters in sight!

Vanquished Creatures
  Antaeus (Coc:7)
  Asmodeus (Geh:7)
  the royal jelly (Slime:6)
  Ereshkigal (Tar:7)
  Gloorx Vloq (Pan)
  the Serpent of Hell (Coc:7)
  Mnoleg (Pan)
  Lom Lobon (Pan)
  Dispater (Dis:7)
  18 ancient liches
  The ghost of Bull the Axe Maniac, a legendary MiFi of the Shining One (Pan)
  6 orbs of fire
  46 pandemonium lords
  Mara (Depths:3)
  Mennas (Pan)
  26 greater mummies
  Sojobo (Crypt:3)
  Boris (Depths:4)
  9 shard shrikes
  Frederick (Depths:3)
  Margery (Depths:4)
  Norris (Vaults:3)
  Saint Roka (Elf:3)
  6 Killer Klowns
  3 curse toes
  2 caustic shrikes
  Geryon (Hell)
  A golden dragon (shapeshifter) (Zig:19)
  11 profane servitors
  11 golden dragons
  Nikola (Swamp:4)
  Jory (Vaults:4)
  the Enchantress (Depths:3)
  Xtahua (Vaults:4)
  38 liches
  58 bone dragons
  60 Brimstone Fiends
  3 electric golems
  10 hellephants
  Jorgrun (Swamp:2)
  34 tentacled monstrosities
  Rupert (Orc:2)
  40 Hell Sentinels
  36 Ice Fiends
  Asterion (Elf:1)
  27 Orb Guardians
  7 quicksilver dragons
  6 titans
  5 deep elf master archers (Elf:3)
  4 deep elf blademasters (Elf:3)
  31 Shadow Fiends
  An acid blob (shapeshifter) (Depths:4)
  5 eldritch tentacles
  70 Executioners
  177 tentacled starspawn
  15 shadow dragons
  13 sphinxes
  7 octopode crushers
  Agnes (Elf:1)
  44 acid blobs
  2 thorn hunters (Zig:10)
  Kirke (D:14)
  5 ancient champions
  27 greater nagas
  A shadow dragon (shapeshifter) (Zig:19)
  11 tengu reavers
  9 storm dragons
  5 draconian monks
  18 azure jellies
  12 daevas
  Wiglaf (Elf:3)
  11 fire giants
  5 orc warlords
  8 revenants
  Donald (Vaults:4)
  12 ghost moths
  A frost giant (shapeshifter) (Zig:19)
  13 iron dragons
  Maud (D:11)
  7 draconian knights
  83 cacodemons
  12 vault wardens
  11 frost giants
  96 balrugs
  10 emperor scorpions
  3 draconian scorchers
  Aizul (Depths:1)
  Louise (Swamp:2)
  2 curse skulls (Pan)
  6 caustic shrike zombies
  11 ghouls
  13 deep elf sorcerers
  8 draconian zealots
  2 draconian shifters (Zot:2)
  26 warmongers (Pan)
  128 reapers
  6 draconian annihilators
  8 angels
  5 spriggan defenders
  15 ironheart preservers
  2 ophanim
  A caustic shrike skeleton (Zig:21)
  22 blood saints
  8 vampire knights
  80 very ugly things
  4 elemental wellsprings (Coc:7)
  38 corrupters
  37 stone giants
  3 draconian callers
  4 black draconians
  12 salamander firebrands
  6 green draconians
  7 deep elf demonologists
  8 mottled draconians
  5 deep elf annihilators
  9 dire elephants
  8 white draconians
  46 lorocyprocas
  7 red draconians
  34 war gargoyles
  8 yellow draconians
  30 chaos champions
  26 black suns
  7 purple draconians
  12 eidola
  47 green deaths
  4 bennus
  6 merfolk javelineers (Zig:26)
  5 crystal guardians
  13 deep elf death magi
  10 death oozes
  16 yaktaur captains
  24 ettins
  71 blizzard demons
  37 rakshasas
  23 mummy priests
  20 jiangshi
  An ettin (shapeshifter) (Zig:19)
  6 deep elf high priests
  A spectral golden dragon (Zig:14)
  11 quicksilver dragon zombies
  38 great orbs of eyes
  A spectral quicksilver dragon (Crypt:3)
  10 death cobs
  21 ice dragons
  6 entropy weavers
  21 vault guards (Vaults:5)
  16 fire dragons
  A spectral tengu (Zig:14)
  Harold (D:11)
  12 quicksilver dragon skeletons
  28 naga warriors
  19 hydras
  57 monstrous demonspawn
  4 ghost crabs
  An anaconda (shapeshifter) (Abyss:5)
  13 anacondas
  10 death knights
  47 hell beasts
  16 alligators
  Erica (D:11)
  5 spriggan air magi
  2 alligator snapping turtles
  Erolcha (D:10)
  2 ghost crabs (shapeshifter)
  9 tengu warriors
  8 catoblepae
  19 dancing weapons
  12 vampire magi
  8 salamander stormcallers
  A satyr (Zig:11)
  9 centaur warriors
  14 death yaks
  19 ogre magi
  6 merfolk aquamancers
  A spectral human (Vaults:4)
  209 thrashing horrors
  9 orc high priests
  11 deep troll earth magi
  10 deep troll shamans
  55 hell hogs
  A shock serpent (shapeshifter) (Zig:19)
  146 sun demons
  18 naga sharpshooters
  66 hell knights
  18 iron golems
  11 titan zombies
  5 spriggan berserkers
  14 shock serpents
  Nergalle (Lair:4)
  21 deep elf knights
  62 soul eaters
  17 shadow wraiths
  10 storm dragon zombies
  8 titan skeletons
  150 wretched stars
  4 fire crabs (shapeshifter)
  2 cherubim (Pan)
  163 skeletal warriors
  55 spatial maelstroms
  15 iron trolls
  A spectral ghost moth (Tomb:1)
  4 salamander mystics
  110 death scarabs
  A quicksilver dragon simulacrum (Abyss:5)
  36 giant orange brains
  4 fire crabs
  7 storm dragon skeletons
  58 infernal demonspawn
  A sea snake (shapeshifter) (Depths:2)
  2 ghost moth zombies
  8 golden dragon zombies
  4 death drakes
  6 ball lightnings (Pan)
  6 hill giants
  3 sea snakes
  15 unseen horrors
  60 torturous demonspawn (Pan)
  A spectral anaconda (Tomb:2)
  3 swamp dragons
  74 ice devils
  14 shadow dragon zombies
  An unseen horror (shapeshifter) (Vaults:3)
  A lindwurm (shapeshifter) (Abyss:5)
  68 putrid demonspawn
  9 mana vipers
  10 naga ritualists
  5 ice statues
  3 spriggan druids
  4 anaconda skeletons
  7 deep elf summoners
  An obsidian statue (Zig:7)
  39 flayed ghosts
  12 ironbrand convokers
  51 shadow demons
  21 necromancers
  5 shambling mangroves
  16 anaconda zombies
  6 sphinx zombies
  A kraken simulacrum (Hell)
  18 deep trolls
  5 spectral hydras
  63 gelid demonspawn
  7 golden dragon skeletons
  The ghost of quik the Thrower, an experienced MiHu of Qazlal (D:5)
  A deathcap (Zot:3)
  21 orc knights
  13 wizards
  11 anubis guards
  8 harpies
  36 phantasmal warriors
  7 tengu zombies
  14 frost giant zombies
  A water nymph (Zig:11)
  106 ugly things
  13 wolf spiders
  11 iron dragon zombies
  8 griffons
  4 oklob plants (Zig:6)
  10 wolf spider zombies
  12 fire giant zombies
  9 stone giant zombies
  10 shadow dragon skeletons
  18 deep elf conjurers
  7 hornets
  4 human zombies
  A manticore (shapeshifter) (Vaults:5)
  3 manticores
  4 fauns (Zig:11)
  2 griffons (shapeshifter)
  8 orb spiders
  20 salamanders
  An elephant (shapeshifter) (Vaults:5)
  A moth of wrath (shapeshifter) (Abyss:3)
  An orb spider (shapeshifter) (Abyss:5)
  A wolf spider (shapeshifter) (Abyss:5)
  A spectral ice dragon (Tomb:3)
  A spectral fire dragon (Crypt:3)
  28 shining eyes
  4 sphinx skeletons
  14 orc sorcerers
  3 sirens
  63 worldbinders
  2 salamanders (shapeshifter)
  16 elephants
  4 cyclopes
  29 moths of wrath
  2 hornets (shapeshifter)
  11 frost giant skeletons
  3 shock serpent zombies
  2 toenail golems
  11 fire giant skeletons
  4 guardian serpents (shapeshifter)
  87 rust devils
  Maurice (D:11)
  15 iron dragon skeletons
  4 stone giant skeletons
  An eye of devastation (shapeshifter) (Abyss:5)
  35 naga magi
  49 apocalypse crabs
  12 molten gargoyles (Geh:7)
  13 vault sentinels
  16 eyes of devastation
  A titan simulacrum (Tar:5)
  143 sixfirhies
  11 dire elephant zombies
  51 black mambas
  291 smoke demons
  3 gargoyles (Zig:18)
  2 shock serpent skeletons
  2 torpor snails
  24 guardian serpents
  183 orange demons
  4 dire elephant skeletons
  2 catoblepas zombies
  3 swamp worm zombies (Swamp:4)
  5 black mambas (shapeshifter)
  46 yaktaurs
  7 kobold demonologists
  38 spiny frogs
  89 hellions
  32 demonic crawlers
  35 efreet
  162 hellwings
  A komodo dragon (shapeshifter) (Abyss:3)
  3 tengu conjurers
  2 yellow draconian zombies
  135 ancient zymes
  8 fire drakes
  2 fire drakes (shapeshifter) (Abyss:5)
  A yaktaur (shapeshifter) (Depths:1)
  2 spectral glowing shapeshifters
  2 golden dragon simulacra
  171 red devils
  A spectral water nymph (Swamp:4)
  8 wandering mushrooms
  5 catoblepas skeletons
  3 wyverns
  2 anaconda simulacra (Abyss:5)
  A troll (D:14)
  12 komodo dragons
  22 hydra zombies
  21 deep elf priests
  7 jumping spiders
  A yaktaur skeleton (Vaults:4)
  39 guardian mummies
  A queen bee (Abyss:5)
  8 silent spectres
  103 tormentors
  2 merfolk (shapeshifter) (Abyss:5)
  3 harpy zombies
  64 freezing wraiths
  12 merfolk
  76 blue devils
  2 polar bears (Zig:24)
  4 giant leeches
  396 raiju
  3 shadow dragon simulacra
  6 hydra skeletons
  15 fire vortices
  2 polar bears (shapeshifter)
  2 harpy skeletons
  192 slime creatures
  5 wolf spider simulacra
  A boulder beetle (shapeshifter) (Depths:1)
  A minotaur skeleton (Tar:7)
  A jumping spider (shapeshifter) (Vaults:1)
  34 ravens
  2 snapping turtles
  2 wind drakes (Zig:11)
  A troll (shapeshifter) (Depths:3)
  19 ushabtiu
  67 blink frogs
  13 bog bodies
  6 fire dragon zombies
  8 air elementals
  7 alligator zombies
  2 spriggan zombies
  The ghost of Hanyuu the Insei, an average OpTm of Makhleb (D:4)
  9 boulder beetles
  10 ettin zombies
  12 ice dragon zombies
  10 elf zombies
  176 flying skulls
  33 two-headed ogres
  3 stone giant simulacra
  75 shadows
  56 yaks
  11 ice dragon skeletons
  11 tarantellas
  4 black mamba zombies
  2 spectral swamp dragons (Swamp:4)
  165 ynoxinuls
  3 fire giant simulacra
  2 frost giant simulacra
  10 trapdoor spiders
  20 fire bats
  A hog (shapeshifter) (Depths:1)
  6 alligator skeletons
  8 ettin skeletons
  5 basilisks
  21 redbacks
  A spriggan (shapeshifter) (Abyss:5)
  A trapdoor spider (shapeshifter) (Abyss:2)
  A tarantella (shapeshifter) (Vaults:2)
  28 deep elf magi
  18 spriggans
  A catoblepas simulacrum (Abyss:5)
  11 fire dragon skeletons
  2 black mamba skeletons
  2 steam dragons (shapeshifter)
  37 vampires
  98 chaos spawn
  29 water elementals
  3 hippogriffs (shapeshifter)
  13 hippogriffs
  19 fire elementals
  70 wraiths
  A human (Abyss:5)
  A golden eye (shapeshifter) (Depths:3)
  42 golden eyes
  14 hungry ghosts
  3 yaks (shapeshifter)
  3 hogs (D:14)
  33 vampire mosquitoes
  34 deep elf fighters
  2 harpy simulacra
  14 wargs
  A wolf (shapeshifter) (Zig:19)
  38 spatial vortices
  4 hydra simulacra
  44 insubstantial wisps
  185 neqoxecs
  3 mottled dragons
  26 swamp worms
  22 water moccasins
  5 wolves
  57 nagas
  64 orc warriors
  4 spiders
  5 spiny frog zombies
  7 swamp drakes
  37 eyes of draining
  2 ettin simulacra
  A soldier ant (D:15)
  27 ice beasts
  3 alligator simulacra
  532 large abominations
  6 porcupines
  3 spiny frog skeletons
  Purgy (Sewer)
  30 necrophages
  2 black bears
  An ogre (shapeshifter) (Vaults:2)
  4 swamp dragon zombies
  2 black bears (shapeshifter)
  A black mamba simulacrum (Abyss:5)
  An ice dragon simulacrum (Tomb:1)
  A lindwurm zombie (Crypt:1)
  4 sky beasts
  68 ogres
  A ghost crab zombie (Crypt:1)
  150 hell hounds
  8 snapping turtle zombies
  14 phantoms
  25 wasps
  693 starcursed masses
  A trapdoor spider simulacrum (D:14)
  14 centaurs
  5 human skeletons
  A swamp dragon skeleton (Abyss:1)
  8 boggarts
  3 snapping turtle skeletons
  29 crocodiles
  14 elf skeletons
  7 brain worms
  A giant frog (shapeshifter) (Vaults:4)
  Blork the orc (D:5)
  8 earth elementals
  16 giant frogs
  11 big kobolds
  A deep troll simulacrum (Vaults:2)
  A cyclops zombie (Crypt:2)
  A wyvern zombie (D:13)
  A manticore simulacrum (Abyss:1)
  A scorpion (D:11)
  2 human simulacra
  17 killer bees
  2 troll zombies
  2 snapping turtle simulacra
  A swamp dragon simulacrum (Abyss:5)
  97 wights
  A raiju skeleton (Crypt:2)
  2 electric eels
  A hippogriff skeleton (Crypt:1)
  36 crimson imps
  A vampire bat (Lair:2)
  A wyvern simulacrum (D:14)
  6 hounds
  26 quasits
  A giant frog zombie (D:13)
  210 small abominations
  9 centaur skeletons
  3 centaur zombies
  81 iron imps
  32 orc priests
  32 orc wizards
  Crazy Yiuf (D:3)
  3 giant frog skeletons
  79 jellies
  7 hell rats
  An elf simulacrum (Vaults:3)
  13 iguanas
  A spectral swamp drake (Swamp:4)
  20 sheep
  14 worker ants
  A lightning spire (Zig:15)
  2 naga zombies
  2 ogre zombies
  An ogre skeleton (Abyss:1)
  2 naga skeletons
  5 tengu skeletons
  A hound skeleton (D:4)
  66 mummies
  A worker ant zombie (D:8)
  Robin (D:4)
  A scorpion zombie (Crypt:1)
  10 gnolls
  A swamp drake zombie (Swamp:4)
  17 adders
  30 river rats
  A tengu simulacrum (Abyss:1)
  32 shadow imps
  A steam dragon skeleton (Crypt:1)
  71 white imps
  4 giant eyeballs
  361 ufetubi
  8 oozes
  A halfling zombie (Crypt:2)
  An adder skeleton (D:8)
  6 worms
  A giant gecko (D:10)
  200 orcs
  23 bats
  2 bat skeletons
  5 giant cockroaches
  27 hobgoblins
  13 jackals
  5 quokkas
  9 ball pythons
  3 giant newts
  27 goblins
  65 kobolds
  A kobold skeleton (Abyss:5)
  11 lurking horrors
  2 orc skeletons
  2 quokka skeletons
  21 rats
  A bush (Abyss:1)
  3 butterflies (Depths:5)
  2 crawling corpses
  11 fungi
  18 grand avatars
  9 plants
  211 starspawn tentacles
  6 starspawn tentacle segments
  A tentacle (Hell)
13255 creatures vanquished.

Vanquished Creatures (collateral kills)
  A bone dragon (Abyss:1)
  3 tentacled monstrosities
  A draconian annihilator (Abyss:1)
  A tentacled starspawn (Abyss:1)
  10 greater nagas (Zig:22)
  An iron dragon (Zig:18)
  A ghoul (Tar:7)
  2 reapers (Tar:7)
  An ironheart preserver (Zig:23)
  A black draconian (Zot:4)
  A white draconian (Zot:1)
  A yellow draconian (Zot:2)
  A naga warrior (Zig:22)
  A salamander stormcaller (Zig:23)
  A naga sharpshooter (Zig:22)
  A thrashing horror (Abyss:1)
  2 shock serpents (Zig:22)
  A storm dragon zombie (Tar:7)
  A sun demon (Abyss:1)
  2 hell knights
  2 iron golems (Zig:18)
  5 skeletal warriors (Tar:7)
  A storm dragon skeleton (Tar:7)
  2 death drakes
  A golden dragon zombie (Tar:7)
  2 naga ritualists (Zig:22)
  An ironbrand convoker (Zig:23)
  A phantasmal warrior (Swamp:4)
  A salamander (Zig:22)
  2 mana vipers (Zig:22)
  An ugly thing (Abyss:1)
  A black mamba (Zig:22)
  An iron dragon skeleton (Geh:2)
  3 naga magi (Zig:22)
  3 gargoyles (Zig:18)
  An orange demon (Abyss:5)
  A hellion (Geh:2)
  A tormentor (Geh:4)
  A hydra zombie (Swamp:4)
  A polar bear (shapeshifter) (Zig:23)
  A wandering mushroom (Zot:4)
  2 boulder beetles (Zig:18)
  A fire dragon zombie (Zot:2)
  3 shadows
  A fire dragon skeleton (Geh:4)
  A neqoxec (Zot:2)
  An insubstantial wisp (Swamp:4)
  2 nagas (Zig:22)
  A hell hound (Geh:2)
  A necrophage (Tar:7)
  An earth elemental (Zig:18)
  A wight (Geh:4)
  6 starcursed masses (Abyss:1)
  A swamp drake zombie (Swamp:4)
  A shadow imp (Tar:7)
  A starspawn tentacle (Abyss:1)
91 creatures vanquished.

Vanquished Creatures (others)
  Cerebov (Pan)
  2 ancient liches (Zig:23)
  A Killer Klown (Zig:19)
  A lich (Abyss:1)
  A titan (Zig:23)
  An Orb Guardian (Zot:5)
  A deep elf master archer (Elf:3)
  A tentacled starspawn (Abyss:4)
  An eldritch tentacle (Zig:19)
  An ancient champion (Pan)
  An Executioner (Pan)
  2 tengu reavers
  3 warmongers
  An iron dragon (Zig:18)
  3 draconian scorchers
  A fire giant (Geh:7)
  A cacodemon (Pan)
  A frost giant (Zig:23)
  A ghost moth (Zig:26)
  2 balrugs
  A vault warden (Zig:23)
  A draconian zealot (Depths:5)
  An elemental wellspring (Coc:7)
  2 stone giants
  2 war gargoyles
  A lorocyproca (Zig:12)
  A blood saint (Pan)
  A chaos champion (Zig:12)
  2 purple draconians
  4 merfolk javelineers
  An ettin (Zig:23)
  3 vault guards (Vaults:5)
  2 green deaths (Pan)
  A deep elf high priest (Vaults:5)
  2 yaktaur captains (Zig:23)
  A quicksilver dragon skeleton (Zig:25)
  A naga warrior (Zig:26)
  2 ogre magi
  A merfolk aquamancer (Zig:26)
  A ghost crab (shapeshifter) (Vaults:4)
  An alligator (Zig:10)
  A salamander stormcaller (Vaults:5)
  3 dancing weapons
  4 thrashing horrors (Abyss:5)
  3 hell hogs (Abyss:4)
  A soul eater (Geh:2)
  4 sun demons
  An ice devil (Tar:7)
  A wretched star (Abyss:5)
  A golden dragon zombie (Dis:4)
  2 skeletal warriors (Tomb:2)
  A death drake (Abyss:2)
  2 shadow demons (Pan)
  7 ball lightnings (Pan)
  14 death scarabs
  A ghost moth zombie (Geh:3)
  A deep elf knight (Elf:3)
  A death drake (shapeshifter) (Abyss:5)
  An infernal demonspawn (Pan)
  2 wizards (Pan)
  A phantasmal warrior (Zig:23)
  An ironbrand convoker (Zig:23)
  A necromancer (Abyss:5)
  A shadow dragon skeleton (Zig:20)
  A starcursed mass (Abyss:1)
  A rust devil (Abyss:1)
  2 smoke demons
  A spiny frog (Zig:10)
  5 orange demons
  5 sixfirhies
  A torpor snail (Zig:18)
  An apocalypse crab (Abyss:3)
  An elf skeleton (Zig:25)
  2 gargoyles (Zig:18)
  A komodo dragon (Zig:24)
  4 yaktaurs
  9 hellwings
  A jumping spider (shapeshifter) (Zig:19)
  10 large abominations
  A jumping spider (Zig:8)
  An ancient zyme (Abyss:4)
  2 fire drakes (Zig:24)
  2 red devils
  A freezing wraith (Zig:23)
  A giant leech (Zig:10)
  A slime creature (shapeshifter) (Zig:19)
  2 blue devils
  A shadow dragon simulacrum (Tomb:3)
  A fire dragon zombie (Geh:5)
  An ettin zombie (Dis:2)
  7 raiju
  A two-headed ogre (Vaults:3)
  2 boulder beetles
  3 flying skulls
  2 shadows
  A human (D:15)
  A deep elf mage (Elf:3)
  A ynoxinul (Zot:2)
  4 golden eyes
  2 chimeras (Zig:11)
  2 deep elf fighters
  5 neqoxecs
  A naga (Snake:1)
  8 chaos spawn
  A spatial vortex (Abyss:5)
  A hell hound (Geh:2)
  2 water moccasins (Zig:24)
  2 eyes of draining
  A centaur (Vaults:4)
  A swamp drake (Zig:10)
  2 ogres
  3 crocodiles (Zig:24)
  9 lost souls
  An earth elemental (Zig:18)
  6 small abominations
  A crimson imp (Abyss:5)
  2 jellies
  2 quasits
  2 sheep (Zig:24)
  2 mummies (Tomb:2)
  2 river rats (Zig:24)
  2 shadow imps
  6 white imps
  18 ufetubi
  An orc (Zig:16)
  A kobold (Abyss:2)
  18 lurking horrors
  2 bushes (D:10)
  3 butterflies (Abyss:4)
  218 eldritch tentacle segments
  2 fungi
  6 plants
  270 starspawn tentacles
  2841 starspawn tentacle segments
  3 tentacles (Hell)
  46 tentacle segments (Hell)
3690 creatures vanquished.

Grand Total: 17036 creatures vanquished

Notes
Turn   | Place    | Note
--------------------------------------------------------------
     0 | D:1      | Githyanki the Deep Dwarf Fighter began the quest for the Orb.
     0 | D:1      | Reached XP level 1. HP: 20/20 MP: 1/1
   101 | D:1      | Reached XP level 2. HP: 26/28 MP: 2/2
   247 | D:1      | Reached XP level 3. HP: 31/34 MP: 3/3
   709 | D:2      | Reached XP level 4. HP: 37/43 MP: 4/4
  1083 | D:2      | Reached skill level 4 in Axes
  1206 | D:3      | Reached XP level 5. HP: 13/50 MP: 5/5
  1410 | D:3      | Noticed Crazy Yiuf
  1419 | D:3      | Killed Crazy Yiuf
  1419 | D:3      | Reached skill level 5 in Axes
  1572 | D:3      | Found a sparkling altar of Nemelex Xobeh.
  1573 | D:3      | Found a shattered altar of Ashenzari.
  1702 | D:4      | Noticed Robin
  1714 | D:4      | Killed Robin
  1729 | D:4      | Got a spiked plate armour
  1740 | D:4      | Identified the +4 plate armour "Talicwo" {*Contam MR+ Str+4 Dex+3} (You found it on level 4 of the Dungeon)
  1776 | D:4      | Reached skill level 6 in Axes
  1776 | D:4      | Reached XP level 6. HP: 27/57 MP: 6/6
  1914 | D:4      | Noticed Hanyuu's ghost (average OpTm)
  2315 | D:5      | Entered Level 5 of the Dungeon
  2325 | D:5      | Found a glowing drain.
  2327 | D:5      | Noticed quik's ghost (experienced MiHu)
  2365 | Sewer    | Entered a sewer
  2383 | Sewer    | Noticed Purgy
  2394 | Sewer    | Reached skill level 7 in Axes
  2404 | Sewer    | Killed Purgy
  2404 | Sewer    | Reached XP level 7. HP: 38/64 MP: 7/7
  2660 | D:5      | Killed quik's ghost
  2660 | D:5      | Reached skill level 9 in Axes
  2671 | D:5      | Reached XP level 8. HP: 12/72 MP: 8/8
  2711 | D:5      | Reached skill level 10 in Axes
  2747 | D:5      | Identified a +1 pair of boots of running (You found it on level 5 of the Dungeon)
  2787 | D:5      | Noticed Blork the orc
  2807 | D:5      | Killed Blork the orc
  3362 | D:5      | Reached skill level 11 in Axes
  4067 | D:6      | Found a deep blue altar of Sif Muna.
  4082 | D:6      | Reached skill level 12 in Axes
  4204 | D:6      | Gained mutation: You passively map the area around you. [Deep Dwarf growth]
  4204 | D:6      | Reached XP level 9. HP: 40/78 MP: 9/9
  4532 | D:7      | Found an iron altar of Okawaru.
  4662 | D:7      | Found a staircase to the Ecumenical Temple.
  4669 | Temple   | Entered the Ecumenical Temple
  4895 | D:7      | Noticed an ice statue
  5213 | D:8      | Found Miss's Armour Shop.
  5216 | D:8      | Bought a +2 pair of gloves for 198 gold pieces
  5242 | D:8      | Found a stormy altar of Qazlal.
  5347 | D:8      | Reached skill level 13 in Axes
  5468 | D:8      | Found a shimmering altar of Xom.
  5991 | D:9      | You fall through a shaft!
  5991 | D:10     | Entered Level 10 of the Dungeon
  5991 | D:10     | Found a staircase to the Lair.
  5997 | D:10     | Reached skill level 14 in Axes
  6291 | D:9      | Found a shadowy altar of Dithmenos.
  6322 | D:9      | Reached XP level 10. HP: 16/85 MP: 10/10
  6369 | D:9      | Found a burning altar of Makhleb.
  6383 | D:9      | Became a worshipper of Makhleb the Destroyer
  6520 | D:10     | Noticed Erolcha
  6529 | D:10     | Reached skill level 15 in Axes
  6553 | D:10     | Killed Erolcha
  6634 | D:10     | Reached skill level 16 in Axes
  6645 | D:10     | Acquired Makhleb's first power
  6733 | D:10     | Reached skill level 17 in Axes
  6733 | D:10     | Reached XP level 11. HP: 49/92 MP: 11/11
  6779 | D:10     | Acquired Makhleb's second power
  6806 | D:10     | Found Rocil's Armour Boutique.
  7145 | D:10     | Killed an unseen horror
  7664 | D:4      | Killed Hanyuu's ghost
  7924 | D:11     | Noticed Maud
  7975 | Lair:1   | Entered Level 1 of the Lair of Beasts
  7993 | Lair:1   | Noticed a six-headed hydra
  8008 | Lair:1   | Noticed a seven-headed hydra
  8262 | D:11     | Noticed Maurice
  8318 | D:12     | Acquired Makhleb's third power
  8430 | D:11     | Noticed Erica
  8452 | D:11     | Reached skill level 5 in Shields
  8516 | D:11     | Found a sparkling altar of Nemelex Xobeh.
  8528 | D:11     | Found Tiug's Assorted Antiques.
  8532 | D:11     | Noticed Harold
  8680 | D:11     | Killed Harold
  8680 | D:11     | Reached skill level 18 in Axes
  8755 | D:12     | Noticed a hill giant
  8764 | D:12     | Killed a hill giant
  8787 | D:12     | Noticed a hill giant
  8795 | D:12     | Killed a hill giant
  8834 | D:12     | Gained mutation: Your spells are a little easier to cast, but a little less powerful. [mutagenic meat]
  8835 | D:12     | Gained mutation: You have a pair of small horns on your head. [mutagenic meat]
  8836 | D:12     | Gained mutation: Your muscles are strong. (Str +2) [mutagenic meat]
  8837 | D:12     | Lost mutation: Your spells are a little easier to cast, but a little less powerful. [mutagenic meat]
  9104 | D:12     | Reached skill level 5 in Armour
  9104 | D:12     | Reached XP level 12. HP: 95/99 MP: 11/11
  9115 | D:12     | Acquired Makhleb's fourth power
  9123 | D:12     | Gained mutation: Your mind is acute. (Int +2) [mutagenic meat]
  9534 | D:13     | Found a gate to the Vaults.
  9587 | D:13     | Found Opuvy's Antique Armour Shoppe.
  9612 | D:13     | Reached skill level 5 in Dodging
  9805 | D:13     | Found Jynge's Armour Boutique.
  9828 | D:13     | Noticed a centaur warrior
  9844 | D:13     | Killed a centaur warrior
  9869 | D:13     | Found Rariror's Weapon Emporium.
  9877 | D:13     | Bought a +2 broad axe of electrocution for 330 gold pieces
  9895 | D:13     | Found Maz Bymm's Food Emporium.
 10107 | D:11     | Killed Erica
 10107 | D:11     | Acquired Makhleb's fifth power
 10193 | D:11     | Killed Maurice
 10239 | D:11     | Found a staircase to the Orcish Mines.
 10297 | D:11     | Gained mutation: You are clumsy. (Dex -2) [mutagenic meat]
 10318 | D:11     | Killed Maud
 10428 | D:11     | Bought a purple potion for 27 gold pieces
 10997 | Orc:1    | Entered Level 1 of the Orcish Mines
 11397 | Orc:2    | Reached skill level 10 in Shields
 11398 | Orc:2    | Noticed Rupert
 11418 | Orc:2    | Killed Rupert
 11418 | Orc:2    | Reached XP level 13. HP: 105/105 MP: 11/11
 11619 | Orc:3    | Found a staircase to the Elven Halls.
 12182 | Orc:4    | Entered Level 4 of the Orcish Mines
 12768 | Orc:4    | Found Ceryticami's Antique Weapon Shoppe.
 12768 | Orc:4    | Found Yteuth's Magic Scroll Shoppe.
 12791 | Orc:4    | Found Efay's Assorted Antiques.
 12791 | Orc:4    | Found Ufauh's Magic Scroll Boutique.
 12815 | Orc:4    | Bought a dented soapstone amulet for 90 gold pieces
 13330 | D:14     | Found a blossoming altar of Fedhas.
 13382 | D:14     | Noticed Kirke
 13394 | D:14     | Killed Kirke
 13647 | D:14     | Gained mutation: You resist negative energy. [Deep Dwarf growth]
 13647 | D:14     | Reached XP level 14. HP: 108/114 MP: 12/12
 13659 | D:14     | Gained mutation: Scrolls take you a little longer to read. [mutagenic meat]
 13660 | D:14     | Lost mutation: Your mind is acute. (Int +2) [mutagenic meat]
 14114 | D:15     | Entered Level 15 of the Dungeon
 14151 | D:15     | Reached skill level 15 in Shields
 14278 | D:15     | Found a burning altar of Makhleb.
 14282 | D:15     | Identified Witchcraft Continued
 14453 | D:15     | Gained mutation: You can breathe flames. [mutagenic meat]
 14492 | D:15     | Found a staircase to the Depths.
 15079 | Lair:1   | Killed a 13-headed hydra
 15509 | Lair:1   | Killed a 12-headed hydra
 17327 | Lair:4   | Noticed Nergalle
 17335 | Lair:4   | Killed Nergalle
 18274 | Lair:5   | Found a staircase to the Swamp.
 18290 | Lair:5   | Reached skill level 19 in Axes
 18763 | Lair:6   | Reached skill level 5 in Fighting
 18802 | Lair:6   | Reached XP level 15. HP: 114/123 MP: 13/13
 19121 | Lair:6   | Found a viscous altar of Jiyva.
 19122 | Lair:6   | Found a staircase to the Slime Pits.
 19166 | Lair:6   | Found a staircase to the Snake Pit.
 19983 | Lair:8   | Entered Level 8 of the Lair of Beasts
 20509 | Lair:8   | Reached skill level 20 in Axes
 21111 | Swamp:1  | Entered Level 1 of the Swamp
 21401 | Swamp:1  | Gained mutation: You are partially covered in large bone plates (AC +2, SH +2). [potion of mutation]
 21401 | Swamp:1  | Lost mutation: Your muscles are strong. (Str +2) [potion of mutation]
 21401 | Swamp:1  | Gained mutation: Your magical capacity is low (-10% MP). [potion of mutation]
 21411 | Swamp:1  | Identified a scroll of acquirement
 21920 | Swamp:2  | Noticed Roxanne
 21971 | Swamp:2  | Reached XP level 16. HP: 140/140 MP: 12/12
 21983 | Swamp:2  | Noticed Louise
 21993 | Swamp:2  | Killed Louise
 22029 | Swamp:2  | Reached skill level 21 in Axes
 22248 | Swamp:2  | Noticed Jorgrun
 22259 | Swamp:2  | Killed Jorgrun
 22966 | Swamp:4  | Entered Level 4 of the Swamp
 23419 | Swamp:4  | Noticed Nikola
 23453 | Swamp:4  | Killed Nikola
 23489 | Swamp:4  | Noticed a bone dragon
 23515 | Swamp:4  | Killed a bone dragon
 23625 | Swamp:4  | Got a decaying rune of Zot
 23949 | Snake:1  | Entered Level 1 of the Snake Pit
 24025 | Snake:1  | Reached skill level 22 in Axes
 24132 | Snake:1  | Reached skill level 10 in Armour
 24227 | Snake:1  | Reached XP level 17. HP: 152/152 MP: 13/13
 24254 | Snake:1  | Reached skill level 10 in Fighting
 24487 | Snake:2  | Found Hyic's Jewellery Shop.
 24507 | Snake:2  | Bought the ring of Ziggui Nelyp {Ice *Corrode rPois Slay+5 SInv} for 1060 gold pieces
 24729 | Snake:2  | Found Unotherah's Antique Armour Emporium.
 24736 | Snake:2  | Bought a pair of twisted boots for 370 gold pieces
 24746 | Snake:2  | Identified the +2 pair of boots "Untazy" {rPois rN+++ Int-3 SInv} (You bought it in a shop on level 2 of the Snake Pit)
 25732 | Snake:3  | Gained mutation: You have sharp toenails. [mutagenic meat]
 25733 | Snake:3  | Gained mutation: Your spells are a little harder to cast, but a little more powerful. [mutagenic meat]
 25734 | Snake:3  | Lost mutation: Scrolls take you a little longer to read. [mutagenic meat]
 25736 | Snake:3  | Gained mutation: You are partially covered in rough black scales (AC +4, Dex -1). [mutagenic meat]
 25737 | Snake:3  | Gained mutation: You expend magic power (3 MP) to strengthen your wands. [mutagenic meat]
 25831 | Snake:3  | Got a coiled emerald amulet
 25835 | Snake:3  | Identified the amulet "Pabux" {rCorr Str+4} (You found it on level 3 of the Snake Pit)
 26038 | Snake:4  | Entered Level 4 of the Snake Pit
 26201 | Snake:4  | Reached skill level 23 in Axes
 26398 | Snake:4  | Gained mutation: You passively map a large area around you. [Deep Dwarf growth]
 26398 | Snake:4  | Reached XP level 18. HP: 165/165 MP: 14/14
 26482 | Snake:4  | Got a serpentine rune of Zot
 27049 | Snake:4  | Lost mutation: You are clumsy. (Dex -2) [mutagenic meat]
 27050 | Snake:4  | Lost mutation: You expend magic power (3 MP) to strengthen your wands. [mutagenic meat]
 27052 | Snake:4  | Gained mutation: Your magical capacity is very low (-20% MP). [mutagenic meat]
 27054 | Snake:4  | Lost mutation: Your magical capacity is very low (-20% MP). [mutagenic meat]
 27661 | Elf:1    | Entered Level 1 of the Elven Halls
 27853 | Elf:1    | Found Sacom's Antique Armour Emporium.
 27858 | Elf:1    | Bought a pair of pitted boots for 294 gold pieces
 27858 | Elf:1    | Bought a shiny shield for 139 gold pieces
 27858 | Elf:1    | Bought a runed cloak for 139 gold pieces
 27887 | Elf:1    | Identified the +0 pair of boots of Instinct {Str+7} (You bought it in a shop on level 1 of the Elven Halls)
 28311 | Elf:1    | Noticed Agnes
 28320 | Elf:1    | Killed Agnes
 28320 | Elf:1    | Reached skill level 24 in Axes
 28523 | Elf:1    | Noticed Asterion
 28533 | Elf:1    | Killed Asterion
 29246 | Elf:2    | Got a heavily runed pewter amulet
 29248 | Elf:2    | Identified the amulet "Ipuz" {rMut rElec Str+3 Int-5} (You found it on level 2 of the Elven Halls)
 29341 | Elf:2    | Found a runed gate.
 29343 | Elf:2    | Found a runed gate.
 29346 | Elf:2    | Found a runed gate.
 29648 | Elf:2    | Reached XP level 19. HP: 142/177 MP: 15/15
 29776 | Elf:3    | Entered Level 3 of the Elven Halls
 29785 | Elf:3    | Noticed Wiglaf
 29793 | Elf:3    | Killed Wiglaf
 30143 | Elf:3    | Reached skill level 25 in Axes
 30377 | Elf:3    | Got a wavering ivory ring
 30379 | Elf:3    | Identified the ring "Hituergh" {rElec MP+9 Int+4 Dex-4} (You found it on level 3 of the Elven Halls)
 30439 | Elf:3    | Got a shimmering platinum ring
 30441 | Elf:3    | Identified the ring "Kianeh" {rC+ Int+3} (You found it on level 3 of the Elven Halls)
 30486 | Elf:3    | Identified the Tome of Hurtful Intoxication
 30574 | Elf:3    | Noticed Saint Roka
 30589 | Elf:3    | Killed Saint Roka
 30955 | Depths:1 | Entered Level 1 of the Depths
 30996 | Depths:1 | Found a one-way gate to the infinite horrors of the Abyss.
 31000 | Depths:1 | Found a gateway to Hell.
 31036 | Depths:1 | Found a one-way gate leading to the halls of Pandemonium.
 31123 | Depths:1 | Noticed Aizul
 31139 | Depths:1 | Killed Aizul
 31368 | Depths:1 | Reached XP level 20. HP: 164/190 MP: 16/16
 31427 | Depths:1 | Gained mutation: You are covered in fur (AC +1). [mutagenic meat]
 31430 | Depths:1 | Gained mutation: You tend to lose your temper in combat. [mutagenic meat]
 31431 | Depths:1 | Gained mutation: Your skin changes colour to match your surroundings (Stealth). [mutagenic meat]
 31434 | Depths:1 | Gained mutation: Your magical capacity is very low (-20% MP). [mutagenic meat]
 31759 | Depths:1 | Reached skill level 26 in Axes
 31776 | Depths:1 | Gained mutation: You are somewhat resistant to further mutation. [potion of beneficial mutation]
 32352 | Depths:2 | Found a portal to a secret trove of treasure.
 32562 | Depths:2 | Got an ancient hand axe
 32563 | Depths:2 | Identified the +10 hand axe of Painful Death {distort, rPois Int+4} (You found it on level 2 of the Depths)
 32961 | Depths:2 | Noticed a caustic shrike
 32973 | Depths:2 | Killed a caustic shrike
 33067 | Depths:2 | Reached skill level 15 in Fighting
 33067 | Depths:2 | Reached skill level 27 in Axes
 33094 | Depths:2 | Lost mutation: Your magical capacity is very low (-20% MP). [mutagenic meat]
 33429 | Depths:1 | Voluntarily entered the Abyss.
 33635 | Abyss:1  | Found a corrupted altar of Lugonu.
 33776 | Abyss:2  | Found a sparkling altar of Nemelex Xobeh.
 33830 | Abyss:2  | Reached XP level 21. HP: 201/201 MP: 16/16
 33975 | Abyss:3  | Found a corrupted altar of Lugonu.
 34000 | Abyss:4  | Found a corrupted altar of Lugonu.
 34175 | Abyss:4  | Found a corrupted altar of Lugonu.
 34285 | Abyss:4  | Paralysed by accursed screaming for 2 turns
 34315 | Abyss:5  | Entered Level 5 of the Abyss
 34537 | Abyss:5  | Got an abyssal rune of Zot
 34556 | Abyss:5  | Gained mutation: You have a somewhat thin skeletal structure (Dex +2, Stealth). [mutagenic meat]
 34707 | Abyss:5  | Got a crude cloak
 34724 | Abyss:5  | Identified the +0 cloak of Vanity {Dex+2} (You found it on level 5 of the Abyss)
 34887 | Abyss:5  | Reached skill level 10 in Dodging
 34960 | Abyss:5  | Reached skill level 15 in Armour
 35076 | Abyss:5  | Gained mutation: You are frail (-10% HP). [mutagenic meat]
 35355 | Abyss:5  | Reached XP level 22. HP: 192/192 MP: 17/17
 35584 | Abyss:5  | Found a corrupted altar of Lugonu.
 36210 | Abyss:5  | Lost mutation: You can breathe flames. [mutagenic meat]
 36604 | Abyss:5  | Reached XP level 23. HP: 199/199 MP: 18/18
 36773 | Abyss:5  | Found a corrupted altar of Lugonu.
 36914 | Abyss:5  | Paralysed by accursed screaming for 1 turns
 36923 | Abyss:5  | Found a corrupted altar of Lugonu.
 36932 | Abyss:5  | Paralysed by accursed screaming for 2 turns
 36940 | Abyss:5  | Noticed an ancient lich
 36955 | Abyss:5  | Killed an ancient lich
 36995 | Abyss:5  | Found a corrupted altar of Lugonu.
 37352 | Depths:1 | Escaped the Abyss
 37503 | Vaults:1 | Entered Level 1 of the Vaults
 38618 | Vaults:2 | Reached XP level 24. HP: 207/207 MP: 18/18
 38933 | Vaults:2 | Lost mutation: You tend to lose your temper in combat. [mutagenic meat]
 39847 | Vaults:3 | Gained mutation: You are occasionally teleported to nearby monsters. [mutagenic meat]
 39907 | Vaults:3 | Lost mutation: You are partially covered in large bone plates (AC +2, SH +2). [mutagenic meat]
 39958 | Vaults:3 | Lost mutation: Your spells are a little harder to cast, but a little more powerful. [mutagenic meat]
 39961 | Vaults:3 | Gained mutation: Armour fits poorly on your strangely shaped body. [mutagenic meat]
 39963 | Vaults:3 | Gained mutation: Your flesh is heat resistant. [mutagenic meat]
 39964 | Vaults:3 | Lost mutation: You have a pair of small horns on your head. [mutagenic meat]
 40144 | Vaults:3 | Noticed Norris
 40167 | Vaults:3 | Killed Norris
 40187 | Vaults:3 | Found a staircase to the Crypt.
 40352 | Vaults:3 | Gained mutation: Your spells are a little harder to cast, but a little more powerful. [mutagenic meat]
 40821 | Vaults:4 | Noticed Xtahua
 40829 | Vaults:4 | Killed Xtahua
 40910 | Vaults:4 | Noticed Donald
 40918 | Vaults:4 | Killed Donald
 40940 | Vaults:4 | Found a flickering gateway to a bazaar.
 40955 | Bazaar   | Entered a bazaar
 40963 | Bazaar   | Found Tidwiddyhy's Antique Weapon Shoppe.
 40974 | Bazaar   | Found Sytet's Antique Weapon Emporium.
 40979 | Bazaar   | Bought a jewelled hand axe for 192 gold pieces
 40979 | Bazaar   | Identified the +6 hand axe of Untruth {freeze, rElec rPois rF+ Str+3} (You bought it in a shop in a bazaar)
 40990 | Bazaar   | Found Zyerr's Antique Armour Shoppe.
 41001 | Bazaar   | Found Cuguapt's Antique Armour Emporium.
 41006 | Bazaar   | Bought a pair of brightly glowing gloves for 256 gold pieces
 41006 | Bazaar   | Bought a glowing cloak for 121 gold pieces
 41010 | Bazaar   | Identified the cursed +0 pair of gloves of Limitation {rPois} (You bought it in a shop in a bazaar)
 41140 | Vaults:4 | Lost mutation: Your magical capacity is low (-10% MP). [potion of cure mutation]
 41140 | Vaults:4 | Lost mutation: You are somewhat resistant to further mutation. [potion of cure mutation]
 41140 | Vaults:4 | Lost mutation: Your spells are a little harder to cast, but a little more powerful. [potion of cure mutation]
 41140 | Vaults:4 | Lost mutation: You are frail (-10% HP). [potion of cure mutation]
 41141 | Vaults:4 | Lost mutation: You have sharp toenails. [potion of cure mutation]
 41141 | Vaults:4 | Lost mutation: Armour fits poorly on your strangely shaped body. [potion of cure mutation]
 41141 | Vaults:4 | Lost mutation: You are occasionally teleported to nearby monsters. [potion of cure mutation]
 41141 | Vaults:4 | Lost mutation: You have a somewhat thin skeletal structure (Dex +2, Stealth). [potion of cure mutation]
 41141 | Vaults:4 | Lost mutation: You are partially covered in rough black scales (AC +4, Dex -1). [potion of cure mutation]
 41141 | Vaults:4 | Lost mutation: You are covered in fur (AC +1). [potion of cure mutation]
 41197 | Vaults:4 | Noticed Jory
 41207 | Vaults:4 | Killed Jory
 41520 | Vaults:4 | Gained mutation: You are partially covered in yellow scales (AC +2). [mutagenic meat]
 41521 | Vaults:4 | Gained mutation: Your magical capacity is low (-10% MP). [mutagenic meat]
 41523 | Vaults:4 | Gained mutation: You can spit weak poison. [mutagenic meat]
 41524 | Vaults:4 | Gained mutation: You tend to lose your temper in combat. [mutagenic meat]
 41525 | Vaults:4 | Gained mutation: You are frail (-10% HP). [mutagenic meat]
 41526 | Vaults:4 | Gained mutation: You often lose your temper in combat. [mutagenic meat]
 41528 | Vaults:4 | Gained mutation: You have large cloven feet. [mutagenic meat]
 41529 | Vaults:4 | Lost mutation: Your magical capacity is low (-10% MP). [mutagenic meat]
 41533 | Vaults:4 | Gained mutation: You expend magic power (3 MP) to strengthen your wands. [mutagenic meat]
 41534 | Vaults:4 | Lost mutation: You are partially covered in yellow scales (AC +2). [mutagenic meat]
 41535 | Vaults:4 | Lost mutation: You are frail (-10% HP). [mutagenic meat]
 41536 | Vaults:4 | Gained mutation: Armour fits poorly on your strangely shaped body. [mutagenic meat]
 42286 | Vaults:5 | Entered Level 5 of the Vaults
 42291 | Vaults:5 | Reached XP level 25. HP: 238/238 MP: 18/21
 42296 | Vaults:5 | Noticed an ancient lich
 42307 | Vaults:5 | Reached skill level 27 in Armour
 42309 | Vaults:5 | Reached skill level 1 in Invocations
 42310 | Vaults:5 | Killed an ancient lich
 42472 | Vaults:3 | Gained mutation: Your muscles are strong. (Str +2) [mutagenic meat]
 42872 | Elf:3    | Got a heavily runed ice dragon armour
 42873 | Elf:3    | Identified the +10 ice dragon armour "Manysh" {rF- rC++ Str+3} (You found it on level 3 of the Elven Halls)
 43269 | Depths:1 | Voluntarily entered the Abyss.
 43335 | Abyss:1  | Lost mutation: Your muscles are strong. (Str +2) [mutagenic meat]
 43337 | Abyss:1  | Lost mutation: You have an uncontrollable temper. [mutagenic meat]
 43338 | Abyss:1  | Lost mutation: You can spit weak poison. [mutagenic meat]
 43449 | Abyss:1  | Lost mutation: You have large cloven feet. [mutagenic meat]
 43450 | Abyss:1  | Gained mutation: Your system is resistant to poisons. [mutagenic meat]
 43451 | Abyss:1  | Gained mutation: You occasionally shout uncontrollably at your foes. [mutagenic meat]
 43453 | Abyss:1  | Lost mutation: You expend magic power (3 MP) to strengthen your wands. [mutagenic meat]
 43456 | Abyss:1  | Lost mutation: You tend to lose your temper in combat. [mutagenic meat]
 43457 | Abyss:1  | Gained mutation: Your mind is acute. (Int +2) [mutagenic meat]
 43458 | Abyss:1  | Gained mutation: Your mind is very acute. (Int +4) [mutagenic meat]
 43459 | Abyss:1  | Lost mutation: You occasionally shout uncontrollably at your foes. [mutagenic meat]
 43460 | Abyss:1  | Gained mutation: You possess an exceptional clarity of mind. [mutagenic meat]
 43461 | Abyss:1  | Gained mutation: You occasionally shout uncontrollably at your foes. [mutagenic meat]
 43462 | Abyss:1  | Gained mutation: You evolve. [mutagenic meat]
 43463 | Abyss:1  | Lost mutation: Your skin changes colour to match your surroundings (Stealth). [mutagenic meat]
 43464 | Abyss:1  | Gained mutation: You are partially covered in rugged brown scales (AC +1, +3% HP). [mutagenic meat]
 43467 | Abyss:1  | Lost mutation: Armour fits poorly on your strangely shaped body. [mutagenic meat]
 43469 | Abyss:1  | Gained mutation: Your spells are a little easier to cast, but a little less powerful. [mutagenic meat]
 43774 | Abyss:2  | Found a corrupted altar of Lugonu.
 43806 | Abyss:2  | Paralysed by accursed screaming for 1 turns
 43850 | Depths:1 | Escaped the Abyss
 44098 | Orc:4    | Bought a scroll of acquirement for 884 gold pieces
 44414 | Depths:2 | You paid a toll of 2 scrolls of acquirement to enter a treasure trove
 44415 | Trove    | Entered a treasure trove
 44434 | Trove    | Identified Sif Muna's Almanac of Displaced Conjuration
 44440 | Trove    | Identified Ohigrer's Incunabulum of the Frostbite and Transmigration
 44459 | Trove    | Identified Sif Muna's Compendium of Cold and Dislocation
 44650 | Depths:3 | Noticed Mara
 44668 | Depths:3 | Killed Mara
 44668 | Depths:3 | Reached skill level 15 in Dodging
 44726 | Depths:3 | Noticed Frederick
 44741 | Depths:3 | Killed Frederick
 44764 | Depths:3 | Noticed the Enchantress
 44800 | Depths:3 | Killed the Enchantress
 44812 | Depths:3 | Got a faerie dragon armour
 44813 | Depths:3 | Identified the +2 faerie dragon armour {rPois Dex+7} (You took it off the Enchantress on level 3 of the Depths)
 44974 | Depths:3 | Gained mutation: You are covered in fur (AC +1). [mutagenic meat]
 44977 | Depths:3 | Lost mutation: Your spells are a little easier to cast, but a little less powerful. [mutagenic meat]
 45040 | Depths:3 | Reached XP level 26. HP: 254/254 MP: 21/21
 45671 | Depths:3 | Lost mutation: You occasionally shout uncontrollably at your foes. [mutagenic meat]
 45674 | Depths:3 | Gained mutation: Your magical capacity is low (-10% MP). [mutagenic meat]
 45676 | Depths:3 | Gained mutation: You are partially covered in slimy green scales (AC +2). [mutagenic meat]
 45935 | Depths:4 | Noticed Margery
 45954 | Depths:4 | Killed Margery
 45992 | Depths:4 | Gained mutation: Your spells are a little easier to cast, but a little less powerful. [mutagenic meat]
 45993 | Depths:4 | Lost mutation: Your flesh is heat resistant. [mutagenic meat]
 46019 | Depths:4 | Noticed Boris
 46037 | Depths:4 | Killed Boris
 46194 | Depths:4 | Lost mutation: Your mind is very acute. (Int +4) [mutagenic meat]
 46196 | Depths:4 | Gained mutation: You are partially covered in iridescent scales (AC +4). [mutagenic meat]
 46198 | Depths:4 | Lost mutation: Your spells are a little easier to cast, but a little less powerful. [mutagenic meat]
 46200 | Depths:4 | Gained mutation: You are robust (+10% HP). [mutagenic meat]
 46204 | Depths:4 | Lost mutation: You evolve. [mutagenic meat]
 46491 | Depths:4 | Reached skill level 1 in Necromancy
 46775 | Depths:5 | Entered Level 5 of the Depths
 46866 | Depths:5 | Found a gate to the Realm of Zot.
 47110 | Depths:5 | Found a gateway to a ziggurat.
 47153 | Depths:5 | Reached skill level 5 in Necromancy
 48246 | Vaults:5 | Identified the Papyrus of Spatial Calling
 48450 | Vaults:5 | Reached XP level 27. HP: 288/302 MP: 19/19
 48468 | Vaults:5 | Learned a level 2 spell: Stoneskin
 48852 | Vaults:5 | Identified a +0 rod of the swarm (11/11) (You found it on level 5 of the Vaults)
 48933 | Vaults:5 | Identified the Volume of Freezing Curses
 48946 | Vaults:5 | Learned a level 2 spell: Song of Slaying
 49051 | Vaults:5 | Identified Noip's Volume of Poison
 49055 | Vaults:5 | Identified a +5 rod of the swarm (13/13) (You found it on level 5 of the Vaults)
 49064 | Vaults:5 | Got a silver rune of Zot
 49069 | Vaults:5 | Got a coiled pewter ring
 49072 | Vaults:5 | Identified the ring of Kaurib {Str+3 Int+6} (You found it on level 5 of the Vaults)
 49325 | Vaults:5 | Reached skill level 10 in Necromancy
 50070 | D:4      | Learned a level 5 spell: Dispel Undead
 50520 | Crypt:1  | Entered Level 1 of the Crypt
 50964 | Crypt:1  | Upgraded the game from 0.17-a0-1176-g3d5a0d0 to 0.17-a0-1181-gabc46e6
 52346 | Crypt:3  | Entered Level 3 of the Crypt
 52497 | Crypt:3  | Found a basalt altar of Yredelemnul.
 52503 | Crypt:3  | Noticed Sojobo
 52538 | Crypt:3  | Killed Sojobo
 52681 | Crypt:3  | Got a brightly glowing robe
 52682 | Crypt:3  | Identified the cursed -5 robe of Misfortune {-Cast *Contam *Tele EV-4 Str-2 Int-2 Dex-2 Stlth-- *Curse} (You found it on level 3 of the Crypt)
 52854 | Crypt:3  | Found a staircase to the Tomb.
 52922 | Crypt:3  | Got a scorched diamond amulet
 52924 | Crypt:3  | Identified the amulet of the Ancients {rMut rPois rF+ Str+5 Stlth-} (You found it on level 3 of the Crypt)
 52980 | Crypt:3  | Got a faintly glowing lajatang
 52981 | Crypt:3  | Identified the +7 lajatang "Rummage" {slice, +Inv rC+ Str+3 Int-4} (You found it on level 3 of the Crypt)
 53408 | Crypt:3  | Identified a +0 rod of the swarm (10/10) (You found it on level 3 of the Crypt)
 53520 | Tomb:1   | Entered Level 1 of the Tomb of the Ancients
 53972 | Tomb:1   | Noticed an ancient lich
 53986 | Tomb:1   | Killed an ancient lich
 54297 | Tomb:1   | Got a fine diamond amulet
 54303 | Tomb:1   | Identified the amulet "Voymaow" {Spirit rF+ rN+} (You found it on level 1 of the Tomb of the Ancients)
 55103 | Depths:1 | Voluntarily entered the Abyss.
 55142 | Abyss:1  | Lost mutation: Your magical capacity is low (-10% MP). [mutagenic meat]
 55486 | Abyss:1  | Noticed an ancient lich
 55501 | Abyss:1  | Killed an ancient lich
 55660 | Abyss:1  | Found a corrupted altar of Lugonu.
 55671 | Abyss:1  | Noticed an ancient lich
 55679 | Abyss:1  | Killed an ancient lich
 55842 | Abyss:1  | Found a corrupted altar of Lugonu.
 56073 | Depths:1 | Escaped the Abyss
 56154 | Hell     | Entered the Vestibule of Hell
 56154 | Hell     | Noticed Geryon
 56214 | Hell     | Killed Geryon
 56306 | Hell     | Found a gateway to the Iron City of Dis.
 56315 | Dis:1    | Entered Level 1 of the Iron City of Dis
 60244 | Depths:1 | Voluntarily entered the Abyss.
 60504 | Depths:1 | Escaped the Abyss
 62137 | Dis:6    | Reached skill level 27 in Fighting
 62532 | Dis:7    | Entered Level 7 of the Iron City of Dis
 63491 | Dis:7    | Noticed Dispater
 63537 | Dis:7    | Killed Dispater
 63584 | Dis:7    | Got an iron rune of Zot
 63795 | Dis:7    | Got a transparent hand axe
 63797 | Dis:7    | Got a warped quarterstaff
 63802 | Dis:7    | Identified the +7 hand axe "Bastref" {drain, +Rage Dex+4} (You found it on level 7 of the Iron City of Dis)
 63885 | Dis:7    | Gained mutation: You have a pair of small horns on your head. [mutagenic glow]
 64125 | Dis:7    | Gained mutation: You expend magic power (3 MP) to strengthen your wands. [mutagenic glow]
 64310 | Depths:1 | Voluntarily entered the Abyss.
 64352 | Abyss:1  | Found a sacrificial altar of Ru.
 64531 | Abyss:1  | Found an ancient bone altar of Kikubaaqudgha.
 64699 | Abyss:1  | Gained mutation: You can translocate small distances at will. [mutagenic meat]
 64700 | Abyss:1  | Gained mutation: You tend to lose your temper in combat. [mutagenic meat]
 64738 | Abyss:1  | Gained mutation: You occasionally shout uncontrollably at your foes. [mutagenic meat]
 64739 | Abyss:1  | Lost mutation: You possess an exceptional clarity of mind. [mutagenic meat]
 65118 | Abyss:1  | Paralysed by accursed screaming for 2 turns
 65173 | Abyss:1  | Gained mutation: You are weak. (Str -2) [a neqoxec]
 65300 | Abyss:1  | Got an ancient scale mail
 65304 | Abyss:1  | Identified the +1 scale mail of Chimes {rF+} (You found it on level 1 of the Abyss)
 65804 | Abyss:2  | Paralysed by accursed screaming for 1 turns
 66002 | Abyss:2  | Paralysed by accursed screaming for 1 turns
 66189 | Abyss:3  | Found a corrupted altar of Lugonu.
 66266 | Abyss:3  | Identified the cursed +0 quarterstaff of Ointment {drain, rPois MR+} (You found it on level 7 of the Iron City of Dis)
 66364 | Abyss:3  | Got a smelly chain mail
 66365 | Abyss:3  | Identified the +6 chain mail of Monotheism {+Fly rF+ rC+ rCorr Dex+3} (You found it on level 3 of the Abyss)
 66527 | Depths:1 | Escaped the Abyss
 66532 | Depths:1 | Upgraded the game from 0.17-a0-1181-gabc46e6 to 0.17-a0-1184-gb75be8f
 66561 | Depths:1 | Voluntarily entered the Abyss.
 66569 | Abyss:1  | Found a corrupted altar of Lugonu.
 66601 | Abyss:2  | Got a steaming chain mail
 66638 | Abyss:2  | Identified the cursed +0 chain mail "Omitrouf" {rElec rC- Dex+3 SInv} (You found it on level 2 of the Abyss)
 66695 | Abyss:3  | Gained mutation: You possess an exceptional clarity of mind. [mutagenic meat]
 66970 | Abyss:3  | Found a corrupted altar of Lugonu.
 66999 | Abyss:3  | Gained mutation: Scrolls take you a little longer to read. [a neqoxec]
 67231 | Abyss:4  | Paralysed by accursed screaming for 1 turns
 67391 | Abyss:4  | Paralysed by accursed screaming for 1 turns
 67791 | Abyss:5  | Entered Level 5 of the Abyss
 67987 | Abyss:5  | Lost mutation: You are weak. (Str -2) [mutagenic meat]
 68376 | Abyss:5  | Found a corrupted altar of Lugonu.
 68627 | Abyss:5  | Lost mutation: Scrolls take you a little longer to read. [mutagenic meat]
 68628 | Abyss:5  | Gained mutation: Your magical capacity is low (-10% MP). [mutagenic meat]
 68629 | Abyss:5  | Lost mutation: You possess an exceptional clarity of mind. [mutagenic meat]
 68630 | Abyss:5  | Lost mutation: You expend magic power (3 MP) to strengthen your wands. [mutagenic meat]
 68678 | Abyss:5  | Reached skill level 27 in Shields
 68706 | Abyss:5  | Reached skill level 1 in Staves
 68759 | Abyss:5  | Gained mutation: Your body sometimes deteriorates upon taking damage. [a neqoxec]
 68797 | Abyss:5  | Found a shimmering altar of Xom.
 68799 | Abyss:5  | Found a shimmering altar of Xom.
 68799 | Abyss:5  | Found a shimmering altar of Xom.
 68799 | Abyss:5  | Found a shimmering altar of Xom.
 68799 | Abyss:5  | Found a shimmering altar of Xom.
 68800 | Abyss:5  | Found a shimmering altar of Xom.
 68800 | Abyss:5  | Found a shimmering altar of Xom.
 68804 | Abyss:5  | Found a shimmering altar of Xom.
 68804 | Abyss:5  | Found a corrupted altar of Lugonu.
 68804 | Abyss:5  | Found a shimmering altar of Xom.
 68804 | Abyss:5  | Found a shimmering altar of Xom.
 68806 | Abyss:5  | Found a shimmering altar of Xom.
 68806 | Abyss:5  | Found a shimmering altar of Xom.
 68806 | Abyss:5  | Found a shimmering altar of Xom.
 68807 | Abyss:5  | Found a shimmering altar of Xom.
 68934 | Abyss:5  | Paralysed by accursed screaming for 1 turns
 68987 | Abyss:5  | Paralysed by accursed screaming for 2 turns
 68993 | Abyss:5  | Paralysed by accursed screaming for 1 turns
 68995 | Abyss:5  | Paralysed by accursed screaming for 2 turns
 69161 | Abyss:5  | Paralysed by accursed screaming for 1 turns
 69204 | Abyss:5  | Paralysed by accursed screaming for 1 turns
 69241 | Abyss:5  | Paralysed by accursed screaming for 1 turns
 69245 | Abyss:5  | Paralysed by accursed screaming for 2 turns
 69254 | Abyss:5  | Paralysed by accursed screaming for 1 turns
 69292 | Abyss:5  | Lost mutation: You can translocate small distances at will. [mutagenic meat]
 69293 | Abyss:5  | Lost mutation: You tend to lose your temper in combat. [mutagenic meat]
 69294 | Abyss:5  | Lost mutation: You have a pair of small horns on your head. [mutagenic meat]
 69298 | Abyss:5  | Gained mutation: Your magical capacity is very low (-20% MP). [mutagenic meat]
 69496 | Abyss:5  | Found a corrupted altar of Lugonu.
 69534 | Abyss:5  | Paralysed by a giant eyeball for 3 turns
 69541 | Abyss:5  | Paralysed by accursed screaming for 1 turns
 69548 | Abyss:5  | Paralysed by accursed screaming for 2 turns
 69651 | Abyss:5  | Paralysed by accursed screaming for 1 turns
 69735 | Abyss:5  | Lost mutation: You are robust (+10% HP). [a neqoxec]
 69817 | Depths:1 | Escaped the Abyss
 70575 | Snake:2  | Bought the ring "Tenkecs" {+/*Tele rC- MR+ MP-9 Str+8} for 758 gold pieces
 70679 | Slime:1  | Entered Level 1 of the Pits of Slime
 72464 | Slime:5  | Reached skill level 27 in Dodging
 72465 | Slime:5  | Reached skill level 1 in Evocations
 72582 | Slime:5  | Reached skill level 1 in Charms
 72597 | Slime:6  | Entered Level 6 of the Pits of Slime
 72780 | Slime:6  | Reached skill level 5 in Evocations
 72868 | Slime:6  | Noticed the royal jelly
 72883 | Slime:6  | Killed the royal jelly
 73008 | Slime:6  | Got a blackened scale mail
 73009 | Slime:6  | Identified the +3 scale mail of Analysis {SInv} (You found it on level 6 of the Pits of Slime)
 73059 | Slime:6  | Got a slimy rune of Zot
 73068 | Slime:6  | Got a shimmering lapis lazuli ring
 73070 | Slime:6  | Identified the ring "Zuerirgh" {Wiz rPois} (You found it on level 6 of the Pits of Slime)
 73102 | Slime:6  | Identified the Almanac of Enchantment
 73114 | Slime:6  | Identified the Disquisition on Cold (You found it on level 6 of the Pits of Slime)
 73164 | Slime:5  | Reached skill level 1 in Spellcasting
 73884 | Depths:1 | Voluntarily entered the Abyss.
 73937 | Abyss:1  | Reached skill level 5 in Spellcasting
 74531 | Abyss:1  | Lost mutation: You are partially covered in iridescent scales (AC +4). [mutagenic meat]
 74533 | Abyss:1  | Gained mutation: You tend to lose your temper in combat. [mutagenic meat]
 74534 | Abyss:1  | Gained mutation: You can breathe flames. [mutagenic meat]
 74724 | Abyss:1  | Found a corrupted altar of Lugonu.
 74887 | Abyss:1  | Gained mutation: You are partially covered in large bone plates (AC +2, SH +2). [mutagenic meat]
 74889 | Abyss:1  | Gained mutation: You are frail (-10% HP). [mutagenic meat]
 75048 | Abyss:2  | Found a corrupted altar of Lugonu.
 75562 | Abyss:2  | Reached skill level 10 in Spellcasting
 75575 | Abyss:2  | Lost mutation: Your body sometimes deteriorates upon taking damage. [mutagenic meat]
 75576 | Abyss:2  | Gained mutation: Your mind is very acute. (Int +4) [mutagenic meat]
 75577 | Abyss:2  | Gained mutation: You sometimes yell uncontrollably at your foes. [mutagenic meat]
 75578 | Abyss:2  | Lost mutation: Your system is resistant to poisons. [mutagenic meat]
 75860 | Abyss:4  | Got a slimy ring mail
 75861 | Abyss:4  | Identified the +2 ring mail "Seteexza" {*Corrode rElec rPois rN++} (You found it on level 4 of the Abyss)
 75894 | Abyss:5  | Entered Level 5 of the Abyss
 76146 | Abyss:5  | Lost mutation: Your mind is very acute. (Int +4) [mutagenic meat]
 76148 | Abyss:5  | Gained mutation: Your magical capacity is extremely low (-30% MP). [mutagenic meat]
 76519 | Abyss:5  | Found a corrupted altar of Lugonu.
 76838 | Abyss:5  | Lost mutation: You can breathe flames. [mutagenic meat]
 77053 | Abyss:5  | Gained mutation: You have a pair of small horns on your head. [mutagenic meat]
 77054 | Abyss:5  | Lost mutation: You are partially covered in large bone plates (AC +2, SH +2). [mutagenic meat]
 77123 | Abyss:5  | Reached skill level 15 in Spellcasting
 77176 | Abyss:5  | Paralysed by accursed screaming for 2 turns
 77240 | Abyss:5  | Lost mutation: Your mind is acute. (Int +2) [mutagenic meat]
 77242 | Abyss:5  | Lost mutation: You tend to lose your temper in combat. [mutagenic meat]
 77243 | Abyss:5  | Gained mutation: You have large cloven feet. [mutagenic meat]
 77282 | Abyss:5  | Found a corrupted altar of Lugonu.
 77295 | Abyss:5  | Got a faintly humming shield
 77296 | Abyss:5  | Identified the +2 shield of Caowerchadgh {*Corrode MR+++ Int+6} (You acquired it on level 5 of the Abyss)
 77298 | Abyss:5  | Got a pair of fine gloves
 77299 | Abyss:5  | Identified the +0 pair of gloves of the Ditch-Digger {rC+ MR+ Regen+ Dex-5} (You acquired it on level 5 of the Abyss)
 77415 | Abyss:5  | Gained mutation: You evolve. [mutagenic meat]
 77660 | Abyss:5  | Paralysed by accursed screaming for 1 turns
 77855 | Abyss:5  | Paralysed by accursed screaming for 1 turns
 78057 | Abyss:5  | Found a corrupted altar of Lugonu.
 78291 | Abyss:5  | Lost mutation: You evolve. [mutagenic meat]
 78292 | Abyss:5  | Gained mutation: You have supernaturally acute eyesight. [mutagenic meat]
 78351 | Abyss:5  | Paralysed by accursed screaming for 1 turns
 78409 | Abyss:5  | Lost intelligence.
 78699 | Abyss:5  | Got a brightly glowing chain mail
 78715 | Abyss:5  | Identified the +8 chain mail "Ywkad" {Dex+5} (You found it on level 5 of the Abyss)
 78778 | Abyss:5  | Gained mutation: You frequently scream uncontrollably at your foes. [a cacodemon]
 78917 | Abyss:5  | Lost mutation: You are partially covered in slimy green scales (AC +2). [mutagenic meat]
 78918 | Abyss:5  | Gained mutation: Your flesh is cold resistant. [mutagenic meat]
 78922 | Abyss:5  | Lost mutation: You frequently scream uncontrollably at your foes. [mutagenic meat]
 79010 | Abyss:5  | Paralysed by accursed screaming for 1 turns
 79031 | Abyss:5  | Paralysed by accursed screaming for 1 turns
 79444 | Abyss:5  | Identified a +4 rod of the swarm (11/11) (You found it on level 5 of the Abyss)
 79508 | Abyss:5  | Gained mutation: You are weak. (Str -2) [mutagenic meat]
 79509 | Abyss:5  | Lost mutation: You sometimes yell uncontrollably at your foes. [mutagenic meat]
 79510 | Abyss:5  | Lost mutation: You have supernaturally acute eyesight. [potion of cure mutation]
 79510 | Abyss:5  | Lost mutation: You are weak. (Str -2) [potion of cure mutation]
 79510 | Abyss:5  | Lost mutation: You have large cloven feet. [potion of cure mutation]
 79510 | Abyss:5  | Lost mutation: You occasionally shout uncontrollably at your foes. [potion of cure mutation]
 79619 | Abyss:5  | Paralysed by you for 5 turns
 79676 | Abyss:5  | Gained mutation: You are partially covered in rough black scales (AC +4, Dex -1). [mutagenic meat]
 79677 | Abyss:5  | Lost mutation: Your magical capacity is extremely low (-30% MP). [mutagenic meat]
 79678 | Abyss:5  | Gained mutation: You can spit weak poison. [mutagenic meat]
 79680 | Abyss:5  | Gained mutation: Scrolls take you a little longer to read. [mutagenic meat]
 80028 | Abyss:5  | Paralysed by accursed screaming for 1 turns
 80052 | Abyss:5  | Lost mutation: You are covered in fur (AC +1). [mutagenic meat]
 80178 | Abyss:5  | Lost mutation: Your flesh is cold resistant. [potion of cure mutation]
 80178 | Abyss:5  | Lost mutation: You can spit weak poison. [potion of cure mutation]
 80178 | Abyss:5  | Lost mutation: You have a pair of small horns on your head. [potion of cure mutation]
 80178 | Abyss:5  | Lost mutation: Your magical capacity is very low (-20% MP). [potion of cure mutation]
 80179 | Abyss:5  | Lost mutation: Scrolls take you a little longer to read. [potion of cure mutation]
 80179 | Abyss:5  | Lost mutation: Your magical capacity is low (-10% MP). [potion of cure mutation]
 80179 | Abyss:5  | Lost mutation: You are frail (-10% HP). [potion of cure mutation]
 80179 | Abyss:5  | Lost mutation: You are partially covered in rugged brown scales (AC +1, +3% HP). [potion of cure mutation]
 80179 | Abyss:5  | Lost mutation: You are partially covered in rough black scales (AC +4, Dex -1). [potion of cure mutation]
 80319 | Depths:1 | Escaped the Abyss
 80359 | Depths:1 | Gained mutation: You possess an exceptional clarity of mind. [potion of beneficial mutation]
 80405 | Hell     | Found a gateway to the freezing wastes of Cocytus.
 80437 | Coc:1    | Entered Level 1 of Cocytus
 80482 | Coc:1    | Reached skill level 1 in Earth Magic
 80581 | Coc:1    | Reached skill level 5 in Earth Magic
 80649 | Coc:1    | You fall through a shaft!
 80827 | Coc:5    | Reached skill level 10 in Earth Magic
 81013 | Coc:7    | Entered Level 7 of Cocytus
 81167 | Coc:7    | Noticed Antaeus
 81214 | Coc:7    | Killed Antaeus
 81214 | Coc:7    | Reached skill level 15 in Earth Magic
 81239 | Coc:7    | Got an icy rune of Zot
 81280 | Coc:7    | Got an ancient hand axe
 81284 | Coc:7    | Got a pitted mace
 81673 | Coc:7    | Noticed the Serpent of Hell
 81688 | Coc:7    | Killed the Serpent of Hell
 81873 | Coc:7    | Got a jacinth-encrusted pearl dragon armour
 81874 | Coc:7    | Identified the +8 pearl dragon armour of Fantimumn {rElec rPois rF+ rN+ Str-5} (You found it on level 7 of Cocytus)
 82141 | Coc:7    | Got an encrusted war axe
 82143 | Coc:7    | Identified the +8 war axe of Jeaful {chop, +Blink Int+4 Stlth+} (You found it on level 7 of Cocytus)
 82144 | Coc:7    | Identified the +1 hand axe "Jeob Soth" {venom, +Rage Dex+2} (You found it on level 7 of Cocytus)
 82146 | Coc:7    | Identified the +9 mace of the Pill Bug {freeze, rPois Str-5 Dex+8} (You found it on level 7 of Cocytus)
 82342 | Hell     | Found a gateway to the ashen valley of Gehenna.
 82374 | Geh:1    | Entered Level 1 of Gehenna
 82773 | Geh:3    | You fall through a shaft!
 83466 | Geh:7    | Entered Level 7 of Gehenna
 83782 | Geh:7    | Noticed Asmodeus
 83821 | Geh:7    | Killed Asmodeus
 83874 | Geh:7    | Got an obsidian rune of Zot
 84784 | Geh:7    | Reached skill level 27 in Earth Magic
 85007 | Hell     | Found a gateway to the decaying netherworld of Tartarus.
 85021 | Hell     | Upgraded the game from 0.17-a0-1184-gb75be8f to 0.17-a0-1197-g2d00c63
 85034 | Tar:1    | Entered Level 1 of Tartarus
 86080 | Tar:7    | Entered Level 7 of Tartarus
 86263 | Tar:7    | Got a wavering pewter ring
 86267 | Tar:7    | Identified the ring of Xom's Ringing Laughter {rElec rN++ Int-3 Dex+4 Stlth-} (You found it on level 7 of Tartarus)
 86271 | Tar:7    | Got a fine plate armour
 86272 | Tar:7    | Identified the +11 plate armour of Relativism {+Inv rCorr Str+3} (You found it on level 7 of Tartarus)
 86327 | Tar:7    | Noticed Ereshkigal
 86351 | Tar:7    | Killed Ereshkigal
 86385 | Tar:7    | Got a bone rune of Zot
 86523 | Tar:7    | Identified the Incunabulum of Changing and the Escort
 86563 | Tar:7    | Got a shimmering zirconium amulet
 86565 | Tar:7    | Identified the amulet "Sofeax" {Stasis Int+3 Dex+4} (You found it on level 7 of Tartarus)
 86599 | Tar:7    | Got a shimmering quarterstaff
 86600 | Tar:7    | Identified the +5 quarterstaff of Zaintuok {crush, +Fly rElec rC- MP+9} (You found it on level 7 of Tartarus)
 87145 | Tar:7    | Identified the Papyrus of Twisted Talismans (You found it on level 7 of Tartarus)
 87149 | Tar:7    | Learned a level 2 spell: Shroud of Golubria
 87296 | Tar:7    | Got a glittering bone ring
 87298 | Tar:7    | Identified the ring "Ostrel" {+Fly rPois AC+1 Str+3} (You found it on level 7 of Tartarus)
 87303 | Tar:7    | Got a fine scale mail
 87304 | Tar:7    | Identified the cursed +0 scale mail of Refuge {*Drain rPois rN+ Stlth+} (You found it on level 7 of Tartarus)
 88178 | Geh:7    | Gained mutation: Scrolls take you a little longer to read. [mutagenic glow]
 89085 | Slime:6  | Learned a level 5 spell: Silence
 89799 | Vaults:3 | Learned a level 8 spell: Necromutation
 89808 | Vaults:3 | Learned a level 8 spell: Death's Door
 90280 | Zot:1    | Entered Level 1 of the Realm of Zot
 90887 | Zot:1    | Noticed an orb of fire
 90905 | Zot:1    | Killed an orb of fire
 92414 | Zot:3    | Got a faintly humming plate armour
 92417 | Zot:3    | Identified the +3 plate armour of Hopscotch {Str+3 Int-3 Dex+4} (You found it on level 3 of the Realm of Zot)
 93861 | Depths:1 | Voluntarily entered the Abyss.
 93879 | Abyss:1  | Paralysed by accursed screaming for 2 turns
 93882 | Abyss:1  | Reached skill level 1 in Transmutations
 93888 | Abyss:1  | Paralysed by accursed screaming for 2 turns
 93945 | Abyss:1  | Reached skill level 27 in Spellcasting
 94070 | Abyss:1  | Reached skill level 5 in Transmutations
 94274 | Abyss:1  | Gained mutation: You are frail (-10% HP). [mutagenic meat]
 94275 | Abyss:1  | Lost mutation: Scrolls take you a little longer to read. [mutagenic meat]
 94536 | Abyss:1  | Found a corrupted altar of Lugonu.
 94913 | Abyss:1  | Found a corrupted altar of Lugonu.
 95092 | Abyss:1  | Reached skill level 10 in Transmutations
 95430 | Abyss:1  | Found a corrupted altar of Lugonu.
 95859 | Abyss:1  | Got a warped chain mail
 95911 | Abyss:1  | Paralysed by accursed screaming for 1 turns
 96183 | Abyss:3  | Found a corrupted altar of Lugonu.
 96267 | Abyss:3  | Got a distressingly furry hat
 96268 | Abyss:3  | Identified the +0 hat of the Pleiades {rPois rC+} (You acquired it on level 3 of the Abyss)
 96529 | Abyss:3  | Paralysed by you for 3 turns
 96700 | Abyss:3  | Found a sparkling altar of Nemelex Xobeh.
 97301 | Abyss:3  | Gained mutation: You evolve. [mutagenic meat]
 97302 | Abyss:3  | Gained mutation: You are partially covered in iridescent scales (AC +4). [mutagenic meat]
 97696 | Abyss:3  | Got a citrine-encrusted plate armour
 97697 | Abyss:3  | Identified the +6 plate armour "Odum" {rElec MR- Str+8} (You acquired it on level 3 of the Abyss)
 97843 | Abyss:3  | Reached skill level 15 in Transmutations
 98008 | Abyss:3  | Paralysed by accursed screaming for 2 turns
 98014 | Abyss:3  | Paralysed by accursed screaming for 2 turns
 98019 | Abyss:3  | Paralysed by accursed screaming for 1 turns
 98037 | Abyss:3  | Gained mutation: Your system is resistant to poisons. [mutagenic meat]
 98038 | Abyss:3  | Gained mutation: Your flesh is heat resistant. [mutagenic meat]
 98039 | Abyss:3  | Gained mutation: Your body sometimes deteriorates upon taking damage. [mutagenic meat]
 98040 | Abyss:3  | Gained mutation: You have large cloven feet. [mutagenic meat]
 98041 | Abyss:3  | Lost mutation: Your body sometimes deteriorates upon taking damage. [mutagenic meat]
 98057 | Depths:1 | Escaped the Abyss
 98079 | Depths:1 | Voluntarily entered the Abyss.
 98109 | Abyss:1  | Reached skill level 1 in Air Magic
 98150 | Abyss:1  | Noticed an ancient lich
 98165 | Abyss:1  | Killed an ancient lich
 98165 | Abyss:1  | Reached skill level 5 in Air Magic
 98305 | Abyss:1  | Gained mutation: You are partially covered in molten scales (AC +1). [mutagenic meat]
 98776 | Abyss:1  | Reached skill level 10 in Air Magic
 98808 | Abyss:1  | Noticed an ancient lich
 98818 | Abyss:1  | Killed an ancient lich
 99084 | Abyss:1  | Gained mutation: Armour fits poorly on your strangely shaped body. [a neqoxec]
 99270 | Abyss:1  | Found a corrupted altar of Lugonu.
 99297 | Abyss:1  | Found a snail-covered altar of Cheibriados.
 99596 | Abyss:2  | Found a deep blue altar of Sif Muna.
 99613 | Abyss:2  | Reached skill level 10 in Charms
 99624 | Abyss:2  | Got a flickering garnet amulet
 99631 | Abyss:2  | Identified the Handbook of Creation
 99830 | Abyss:4  | Found a corrupted altar of Lugonu.
100185 | Abyss:4  | Paralysed by accursed screaming for 1 turns
100313 | Abyss:4  | Gained mutation: You are dopey. (Int -2) [a neqoxec]
100335 | Abyss:4  | Lost mutation: You are frail (-10% HP). [mutagenic meat]
100567 | Abyss:5  | Entered Level 5 of the Abyss
100889 | Abyss:5  | Found a corrupted altar of Lugonu.
100954 | Abyss:5  | Found a corrupted altar of Lugonu.
101227 | Abyss:5  | Reached skill level 15 in Charms
101240 | Abyss:5  | Gained mutation: Your magical capacity is low (-10% MP). [a neqoxec]
101384 | Abyss:5  | Reached skill level 1 in Hexes
101445 | Abyss:5  | Identified the amulet of the Water Diviner {Ward rN+ MR+ Str+7} (You found it on level 2 of the Abyss)
101455 | Abyss:5  | Found a corrupted altar of Lugonu.
101591 | Abyss:5  | Reached skill level 5 in Hexes
101744 | Abyss:5  | Found a corrupted altar of Lugonu.
101950 | Abyss:5  | Paralysed by accursed screaming for 2 turns
101957 | Abyss:5  | Paralysed by accursed screaming for 2 turns
101966 | Abyss:5  | Paralysed by accursed screaming for 2 turns
102078 | Abyss:5  | Found a roughly hewn altar of Beogh.
102253 | Abyss:5  | Gained mutation: You expend magic power (3 MP) to strengthen your wands. [mutagenic meat]
102311 | Abyss:5  | Reached skill level 10 in Hexes
102666 | Depths:1 | Escaped the Abyss
103315 | Tomb:2   | Reached skill level 15 in Necromancy
104183 | Tomb:3   | Entered Level 3 of the Tomb of the Ancients
104296 | Tomb:3   | Gained mutation: Your body sometimes deteriorates upon taking damage. [a neqoxec]
104748 | Tomb:3   | Identified a +6 rod of destruction (13/13) (You found it on level 3 of the Tomb of the Ancients)
104758 | Tomb:3   | Got a warped long sword
104759 | Tomb:3   | Identified the cursed +0 long sword of Kelitupt {venom, rC+ MR+ Str-5 Stlth+} (You found it on level 3 of the Tomb of the Ancients)
104815 | Tomb:3   | Got a golden rune of Zot
105007 | Tomb:3   | Identified Giephue's Reference Book on the Oath (You found it on level 3 of the Tomb of the Ancients)
105882 | Depths:1 | You fall through a shaft!
106055 | Pan      | Entered Pandemonium
106069 | Pan      | Found an exit through the horrors of the Abyss.
106087 | Pan      | Noticed Ilisyhuu the pandemonium lord
106103 | Pan      | Killed Ilisyhuu the pandemonium lord
107400 | Pan      | Found an exit through the horrors of the Abyss.
107559 | Pan      | Noticed Dena the pandemonium lord
107569 | Pan      | Killed Dena the pandemonium lord
108279 | Pan      | Found an exit through the horrors of the Abyss.
108541 | Pan      | Noticed Xoihic the pandemonium lord
108554 | Pan      | Killed Xoihic the pandemonium lord
109055 | Pan      | Noticed Sarchek the pandemonium lord
109074 | Pan      | Killed Sarchek the pandemonium lord
109101 | Pan      | Found an exit through the horrors of the Abyss.
109186 | Pan      | Gained mutation: You tend to lose your temper in combat. [potion of mutation]
109186 | Pan      | Lost mutation: You expend magic power (3 MP) to strengthen your wands. [potion of mutation]
109661 | Pan      | Noticed Bull's ghost (legendary MiFi)
109703 | Pan      | Killed Bull's ghost
109703 | Pan      | Reached skill level 27 in Necromancy
109818 | Pan      | Reached skill level 5 in Crossbows
109860 | Pan      | Noticed Torraug the pandemonium lord
109865 | Pan      | Paralysed by Torraug for 6 turns
109898 | Pan      | Killed Torraug the pandemonium lord
110120 | Pan      | Found an exit through the horrors of the Abyss.
110308 | Pan      | Reached skill level 10 in Crossbows
110404 | Pan      | Found an exit through the horrors of the Abyss.
110531 | Pan      | Noticed Wugut the pandemonium lord
110551 | Pan      | Killed Wugut the pandemonium lord
110783 | Pan      | Gained mutation: You are partially covered in rough black scales (AC +4, Dex -1). [potion of mutation]
111112 | Pan      | Reached skill level 1 in Stealth
111590 | Pan      | Reached skill level 5 in Stealth
112155 | Pan      | Found an exit through the horrors of the Abyss.
112487 | Pan      | Found an exit through the horrors of the Abyss.
112710 | Pan      | Noticed Xurph the pandemonium lord
112728 | Pan      | Killed Xurph the pandemonium lord
112990 | Pan      | Noticed Moneqik the pandemonium lord
113006 | Pan      | Killed Moneqik the pandemonium lord
113325 | Pan      | Found an exit through the horrors of the Abyss.
113627 | Depths:1 | Escaped Pandemonium
113679 | Pan      | Entered Pandemonium
113680 | Pan      | Found an exit through the horrors of the Abyss.
113863 | Pan      | Got a transparent ring mail
113867 | Pan      | Identified the +1 ring mail of Divine Compulsion {rC+ Regen+ Str-3 Stlth+} (You found it in Pandemonium)
113909 | Pan      | Noticed Vawnui the pandemonium lord
113931 | Pan      | Killed Vawnui the pandemonium lord
114394 | Pan      | Noticed Xyreg the pandemonium lord
114417 | Pan      | Killed Xyreg the pandemonium lord
114449 | Pan      | Got a demonic rune of Zot
114642 | Pan      | Found an exit through the horrors of the Abyss.
115093 | Pan      | Noticed Matool the pandemonium lord
115112 | Pan      | Killed Matool the pandemonium lord
115331 | Pan      | Found an exit through the horrors of the Abyss.
115653 | Pan      | Found an exit through the horrors of the Abyss.
116111 | Pan      | Gained mutation: Your spells are a little harder to cast, but a little more powerful. [potion of mutation]
116111 | Pan      | Lost mutation: You are partially covered in molten scales (AC +1). [potion of mutation]
116456 | Pan      | Noticed Porchipt the pandemonium lord
116464 | Pan      | Killed Porchipt the pandemonium lord
116556 | Depths:1 | Escaped Pandemonium
116608 | Pan      | Entered Pandemonium
116617 | Pan      | Found an exit through the horrors of the Abyss.
117320 | Pan      | Noticed Raubbil the pandemonium lord
117329 | Pan      | Killed Raubbil the pandemonium lord
117622 | Pan      | Gained mutation: Scrolls take you a little longer to read. [a neqoxec]
117674 | Pan      | Noticed Wiasid the pandemonium lord
117693 | Pan      | Killed Wiasid the pandemonium lord
117859 | Pan      | Found an exit through the horrors of the Abyss.
118346 | Pan      | Found an exit through the horrors of the Abyss.
118663 | Pan      | Noticed Besafity the pandemonium lord
118678 | Pan      | Killed Besafity the pandemonium lord
119399 | Pan      | Noticed Roiffimol the pandemonium lord
119407 | Pan      | Killed Roiffimol the pandemonium lord
119454 | Pan      | Gained mutation: You are clumsy. (Dex -2) [a cacodemon]
119699 | Pan      | Found an exit through the horrors of the Abyss.
119758 | Pan      | Got a pair of shimmering boots
119761 | Pan      | Identified the +2 pair of boots of Feasting {Str+6} (You acquired it in Pandemonium)
120229 | Pan      | Found a runed door.
120404 | Pan      | Found a gateway to a ziggurat.
120415 | Zig:1    | Entered Level 1 of a ziggurat
120430 | Zig:2    | Entered Level 2 of a ziggurat
120453 | Zig:3    | Entered Level 3 of a ziggurat
120499 | Zig:4    | Entered Level 4 of a ziggurat
120554 | Zig:5    | Entered Level 5 of a ziggurat
120618 | Zig:6    | Entered Level 6 of a ziggurat
120682 | Zig:6    | Got a warped brass ring
120685 | Zig:6    | Identified the ring "Eriroawu" {rPois rC+ MR+} (You found it on level 6 of a ziggurat)
120701 | Zig:7    | Entered Level 7 of a ziggurat
120761 | Zig:8    | Entered Level 8 of a ziggurat
120888 | Zig:9    | Entered Level 9 of a ziggurat
120898 | Zig:9    | Gained mutation: You are very dopey. (Int -4) [a shining eye]
120937 | Zig:9    | Identified Sif Muna's Handbook of the Birds and Battle Magic
121075 | Zig:10   | Entered Level 10 of a ziggurat
121167 | Zig:11   | Entered Level 11 of a ziggurat
121258 | Zig:11   | Got a brightly glowing plate armour
121261 | Zig:11   | Identified the +7 plate armour of the Prince of Darkness {rF++ rCorr} (You found it on level 11 of a ziggurat)
121276 | Zig:11   | Got a translucent bronze amulet
121279 | Zig:11   | Identified the amulet of Covvo {Faith SInv} (You found it on level 11 of a ziggurat)
121304 | Zig:12   | Entered Level 12 of a ziggurat
121315 | Zig:12   | Noticed Fyol the pandemonium lord
121334 | Zig:12   | Killed Fyol the pandemonium lord
121389 | Zig:12   | Got a warped plate armour
121393 | Zig:12   | Identified the +7 plate armour "Kipn" {rElec Slay+2 Stlth+} (You found it on level 12 of a ziggurat)
121438 | Zig:12   | Lost mutation: You are very dopey. (Int -4) [potion of cure mutation]
121438 | Zig:12   | Lost mutation: Armour fits poorly on your strangely shaped body. [potion of cure mutation]
121438 | Zig:12   | Lost mutation: You are partially covered in iridescent scales (AC +4). [potion of cure mutation]
121438 | Zig:12   | Lost mutation: Your system is resistant to poisons. [potion of cure mutation]
121438 | Zig:12   | Lost mutation: Your body sometimes deteriorates upon taking damage. [potion of cure mutation]
121438 | Zig:12   | Lost mutation: You tend to lose your temper in combat. [potion of cure mutation]
121439 | Zig:12   | Lost mutation: Your spells are a little harder to cast, but a little more powerful. [potion of cure mutation]
121439 | Zig:12   | Lost mutation: You are dopey. (Int -2) [potion of cure mutation]
121439 | Zig:12   | Lost mutation: You are clumsy. (Dex -2) [potion of cure mutation]
121439 | Zig:12   | Lost mutation: Your flesh is heat resistant. [potion of cure mutation]
121439 | Zig:12   | Lost mutation: You possess an exceptional clarity of mind. [potion of cure mutation]
121494 | Zig:13   | Entered Level 13 of a ziggurat
121503 | Zig:13   | Noticed Uphuk the pandemonium lord
121536 | Zig:13   | Killed Uphuk the pandemonium lord
121583 | Zig:13   | Got a coiled marble ring
121586 | Zig:13   | Identified the cursed ring of Levity {rC+ MP+9 EV-3 Stlth+} (You found it on level 13 of a ziggurat)
121656 | Zig:14   | Entered Level 14 of a ziggurat
121704 | Zig:14   | Reached skill level 27 in Transmutations
121741 | Zig:14   | Identified the Catalogue of Damaging Sinister Rites (You found it on level 14 of a ziggurat)
121749 | Zig:14   | Learned a level 5 spell: Cigotuvi's Embrace
121771 | Zig:14   | Learned a level 6 spell: Haste
121780 | Zig:14   | Learned a level 8 spell: Discord
121793 | Zig:14   | Got a faintly glowing granite ring
121796 | Zig:14   | Identified the ring "Nobbaat" {rPois rF+ Int-5 SInv} (You found it on level 14 of a ziggurat)
121851 | Zig:15   | Entered Level 15 of a ziggurat
121932 | Zig:15   | Learned a level 6 spell: Death Channel
121956 | Zig:15   | Learned a level 5 spell: Metabolic Englaciation
122021 | Zig:16   | Entered Level 16 of a ziggurat
122161 | Zig:16   | Got a slimy hand axe
122164 | Zig:16   | Identified the +9 hand axe "Wuqorphe" {chop, *Confuse MR++ Str+5} (You found it on level 16 of a ziggurat)
122187 | Zig:16   | Got an ebony morningstar
122190 | Zig:16   | Identified the cursed +1 morningstar of Fimmof {crush, +Rage Int+4 SInv} (You found it on level 16 of a ziggurat)
122238 | Zig:16   | Learned a level 4 spell: Control Teleport
122314 | Zig:17   | Entered Level 17 of a ziggurat
122329 | Zig:17   | Paralysed by accursed screaming for 2 turns
122353 | Zig:17   | Paralysed by accursed screaming for 1 turns
122487 | Zig:17   | Identified the Grimoire of Companions (You found it on level 17 of a ziggurat)
122497 | Zig:17   | Identified Vehumet's Volume of Torrid Conjuration
122507 | Zig:17   | Learned a level 5 spell: Irradiate
122545 | Zig:18   | Entered Level 18 of a ziggurat
122646 | Zig:18   | Got a slimy glass ring
122649 | Zig:18   | Identified the ring of the Magpie {+Fly EV+1} (You found it on level 18 of a ziggurat)
122657 | Zig:18   | Got a bronze plate armour
122660 | Zig:18   | Identified the +1 plate armour "Hero's Friend" {rPois rCorr Str-3 Int+7} (You found it on level 18 of a ziggurat)
122667 | Zig:18   | Identified the Reference Book on Curses
122683 | Zig:19   | Entered Level 19 of a ziggurat
122694 | Zig:19   | Noticed Qilliji the pandemonium lord
122694 | Zig:19   | Noticed Hiypax the pandemonium lord
122704 | Zig:19   | Noticed Wacsynwi the pandemonium lord
122704 | Zig:19   | Noticed Ceusin the pandemonium lord
122714 | Zig:19   | Killed Qilliji the pandemonium lord
122715 | Zig:19   | Noticed Goass the pandemonium lord
122717 | Zig:19   | Noticed Quam the pandemonium lord
122717 | Zig:19   | Noticed Hounil the pandemonium lord
122718 | Zig:19   | Killed Hiypax the pandemonium lord
122729 | Zig:19   | Killed Wacsynwi the pandemonium lord
122731 | Zig:19   | Killed Ceusin the pandemonium lord
122737 | Zig:19   | Killed Quam the pandemonium lord
122742 | Zig:19   | Killed Hounil the pandemonium lord
122746 | Zig:19   | Killed Goass the pandemonium lord
122801 | Zig:19   | Gained mutation: Your magical capacity is very low (-20% MP). [mutagenic meat]
122803 | Zig:19   | Gained mutation: Your magical capacity is extremely low (-30% MP). [mutagenic meat]
122806 | Zig:19   | Gained mutation: You are resistant to hostile enchantments. [mutagenic meat]
122807 | Zig:19   | Lost mutation: Your magical capacity is extremely low (-30% MP). [mutagenic meat]
122808 | Zig:19   | Gained mutation: Your mind is acute. (Int +2) [mutagenic meat]
122810 | Zig:19   | Lost mutation: Your magical capacity is very low (-20% MP). [mutagenic meat]
122812 | Zig:19   | Gained mutation: You are highly resistant to hostile enchantments. [mutagenic meat]
122814 | Zig:19   | Lost mutation: You have large cloven feet. [mutagenic meat]
122815 | Zig:19   | Lost mutation: You are highly resistant to hostile enchantments. [mutagenic meat]
122816 | Zig:19   | Gained mutation: You are robust (+10% HP). [mutagenic meat]
122817 | Zig:19   | Gained mutation: You can spit weak poison. [mutagenic meat]
122818 | Zig:19   | Gained mutation: Your muscles are strong. (Str +2) [mutagenic meat]
122819 | Zig:19   | Lost mutation: Your mind is acute. (Int +2) [mutagenic meat]
122820 | Zig:19   | Gained mutation: You expend magic power (3 MP) to strengthen your wands. [mutagenic meat]
122821 | Zig:19   | Gained mutation: You have a somewhat thin skeletal structure (Dex +2, Stealth). [mutagenic meat]
122825 | Zig:19   | Gained mutation: Your body sometimes deteriorates upon taking damage. [mutagenic meat]
122826 | Zig:19   | Lost mutation: Scrolls take you a little longer to read. [mutagenic meat]
122827 | Zig:19   | Gained mutation: Your mind is acute. (Int +2) [mutagenic meat]
122829 | Zig:19   | Lost mutation: Your magical capacity is low (-10% MP). [mutagenic meat]
122830 | Zig:19   | Lost mutation: You evolve. [mutagenic meat]
122868 | Zig:19   | Got a crude golden ring
122869 | Zig:19   | Identified the ring of Midnight {+cTele *Contam rElec Int+3} (You found it on level 19 of a ziggurat)
122890 | Zig:19   | Identified the Disquisition on Warped Companions (You found it on level 19 of a ziggurat)
122949 | Zig:20   | Entered Level 20 of a ziggurat
123136 | Zig:20   | Got a brightly glowing battleaxe
123137 | Zig:20   | Identified the cursed +2 battleaxe of Paatzakk {vamp, +Rage rN+} (You found it on level 20 of a ziggurat)
123142 | Zig:20   | Identified Sif Muna's Almanac of Confrontation and Lightness
123178 | Zig:20   | Identified a +7 rod of shadows (13/13) (You found it on level 20 of a ziggurat)
123188 | Zig:21   | Entered Level 21 of a ziggurat
123268 | Zig:21   | Identified the Almanac of Changing and Poison
123279 | Zig:21   | Got a wavering silver amulet
123314 | Zig:22   | Entered Level 22 of a ziggurat
123431 | Zig:22   | Gained mutation: You are clumsy. (Dex -2) [mutagenic meat]
123434 | Zig:22   | Lost mutation: You are robust (+10% HP). [mutagenic meat]
123435 | Zig:22   | Gained mutation: You are highly resistant to hostile enchantments. [mutagenic meat]
123436 | Zig:22   | Gained mutation: You are frail (-10% HP). [mutagenic meat]
123437 | Zig:22   | Lost mutation: Your mind is acute. (Int +2) [mutagenic meat]
123438 | Zig:22   | Gained mutation: You have a pair of small horns on your head. [mutagenic meat]
123440 | Zig:22   | Lost mutation: Your muscles are strong. (Str +2) [mutagenic meat]
123470 | Zig:22   | Gained mutation: You tend to lose your temper in combat. [mutagenic meat]
123472 | Zig:22   | Lost mutation: You have a pair of small horns on your head. [mutagenic meat]
123473 | Zig:22   | Lost mutation: You are partially covered in rough black scales (AC +4, Dex -1). [mutagenic meat]
123474 | Zig:22   | Lost mutation: You expend magic power (3 MP) to strengthen your wands. [mutagenic meat]
123475 | Zig:22   | Lost mutation: Your body sometimes deteriorates upon taking damage. [potion of cure mutation]
123475 | Zig:22   | Lost mutation: You are highly resistant to hostile enchantments. [potion of cure mutation]
123475 | Zig:22   | Lost mutation: You are frail (-10% HP). [potion of cure mutation]
123475 | Zig:22   | Lost mutation: You tend to lose your temper in combat. [potion of cure mutation]
123475 | Zig:22   | Lost mutation: You can spit weak poison. [potion of cure mutation]
123475 | Zig:22   | Lost mutation: You are clumsy. (Dex -2) [potion of cure mutation]
123488 | Zig:22   | Identified the Almanac of Battle Magic
123511 | Zig:22   | Identified Zifeh's Collected Works on Protection (You found it on level 22 of a ziggurat)
123526 | Zig:22   | Identified Odohihax's Tome of Boosts (You found it on level 22 of a ziggurat)
123624 | Zig:23   | Entered Level 23 of a ziggurat
123640 | Zig:23   | Noticed an ancient lich
123643 | Zig:23   | Noticed an ancient lich
123646 | Zig:23   | Noticed an ancient lich
123647 | Zig:23   | Noticed an ancient lich
123650 | Zig:23   | Noticed an ancient lich
123651 | Zig:23   | Noticed an ancient lich
123660 | Zig:23   | Killed an ancient lich
123661 | Zig:23   | Noticed an ancient lich
123670 | Zig:23   | Killed an ancient lich
123670 | Zig:23   | Killed an ancient lich
123678 | Zig:23   | Killed an ancient lich
123679 | Zig:23   | Killed an ancient lich
123684 | Zig:23   | Killed an ancient lich
123684 | Zig:23   | Killed an ancient lich
123727 | Zig:23   | Identified the amulet "Lohusef" {rElec MR++ Regen+ Int-3 Stlth+} (You found it on level 21 of a ziggurat)
123729 | Zig:23   | Got a pitted zirconium amulet
123730 | Zig:23   | Identified the amulet of Cijoint {rC+ Regen+ SInv Stlth+} (You found it on level 23 of a ziggurat)
123765 | Zig:23   | Learned a level 9 spell: Dragon's Call
123769 | Zig:23   | Identified the Catalogue of Conjuration (You found it on level 23 of a ziggurat)
123779 | Zig:23   | Identified the Almanac of Displaced Talismans
123794 | Zig:23   | Got a crystal broad axe
123795 | Zig:23   | Identified the cursed +0 broad axe "Killer Klown's Death" {chop, rC+} (You found it on level 23 of a ziggurat)
123798 | Zig:23   | Identified the Volume of Summoning
123953 | Zig:24   | Entered Level 24 of a ziggurat
124188 | Zig:24   | Identified the Volume of Toxins (You found it on level 24 of a ziggurat)
124198 | Zig:24   | Identified the Tome of Shape Shifting
124261 | Zig:25   | Entered Level 25 of a ziggurat
124380 | Zig:25   | Identified the Volume of Inquiry (You found it on level 25 of a ziggurat)
124386 | Zig:25   | Got a brightly glowing golden ring
124387 | Zig:25   | Identified the ring "Tudim" {Fire +Inv rElec rPois Dex-4} (You found it on level 25 of a ziggurat)
124408 | Zig:26   | Entered Level 26 of a ziggurat
124558 | Zig:26   | Got a faintly glowing brass ring
124559 | Zig:26   | Identified the ring of Ycempie {rC+ Str+6 Int+3} (You found it on level 26 of a ziggurat)
124590 | Zig:27   | Entered Level 27 of a ziggurat
124952 | Zig:27   | Identified the Volume of the Glacier
124980 | Zig:27   | Got a dazzling whip
124981 | Zig:27   | Identified the +4 whip "Risiz" {venom, +Inv rElec Dex+4} (You found it on level 27 of a ziggurat)
125092 | Pan      | Reached skill level 27 in Charms
125187 | Pan      | Found an exit through the horrors of the Abyss.
125258 | Pan      | Reached skill level 1 in Short Blades
125617 | Pan      | Noticed Yfaontu the pandemonium lord
125636 | Pan      | Reached skill level 10 in Evocations
125641 | Pan      | Killed Yfaontu the pandemonium lord
125706 | Pan      | Noticed Nudgh the pandemonium lord
125724 | Pan      | Killed Nudgh the pandemonium lord
125766 | Pan      | Identified the Grimoire of Supportive Envenoming (You found it in Pandemonium)
125824 | Pan      | Found an exit through the horrors of the Abyss.
126759 | Pan      | Got a transparent hat
126760 | Pan      | Identified the +1 hat "Rithron" {rC+} (You acquired it in Pandemonium)
126910 | Pan      | Found an exit through the horrors of the Abyss.
126957 | Pan      | Noticed Xoomuky the pandemonium lord
126972 | Pan      | Killed Xoomuky the pandemonium lord
127525 | Pan      | Got a clouded bone ring
127526 | Pan      | Identified the ring of Veddior {-Tele rC+ rN+ MP+9 EV+5} (You found it in Pandemonium)
127974 | Pan      | Noticed Mennas
127992 | Pan      | Killed Mennas
128169 | Pan      | Found an exit through the horrors of the Abyss.
128730 | Pan      | Noticed Upympaih the pandemonium lord
128741 | Pan      | Killed Upympaih the pandemonium lord
128741 | Pan      | Reached skill level 15 in Evocations
129066 | Pan      | Entered the realm of Gloorx Vloq.
129274 | Pan      | Found an exit through the horrors of the Abyss.
129472 | Pan      | Noticed Gloorx Vloq
129494 | Pan      | Killed Gloorx Vloq
129549 | Pan      | Got a dark rune of Zot
130240 | Pan      | Noticed Soddom the pandemonium lord
130248 | Pan      | Cast into the Abyss (Soddom)
130298 | Abyss:1  | Gained mutation: You can breathe flames. [mutagenic meat]
130299 | Abyss:1  | Gained mutation: Your magical capacity is low (-10% MP). [mutagenic meat]
130301 | Abyss:1  | Gained mutation: You have a pair of small antennae on your head. [mutagenic meat]
130319 | Pan      | Escaped the Abyss
130334 | Pan      | Killed Soddom the pandemonium lord
130532 | Pan      | Found an exit through the horrors of the Abyss.
130887 | Pan      | Noticed Onaoss the pandemonium lord
130908 | Pan      | Killed Onaoss the pandemonium lord
130974 | Pan      | Gained mutation: Scrolls take you a little longer to read. [a cacodemon]
131020 | Pan      | Found an exit through the horrors of the Abyss.
131631 | Pan      | Reached skill level 15 in Hexes
131716 | Pan      | Found an exit through the horrors of the Abyss.
132314 | Pan      | Noticed Rowir the pandemonium lord
132322 | Pan      | Killed Rowir the pandemonium lord
132522 | Pan      | Noticed Xiemioh the pandemonium lord
133160 | Pan      | Found an exit through the horrors of the Abyss.
133361 | Pan      | Killed Xiemioh the pandemonium lord
133376 | Pan      | Entered the realm of Cerebov.
133751 | Pan      | Found an exit through the horrors of the Abyss.
134151 | Pan      | Noticed Cerebov
134185 | Pan      | Got a shimmering quicksilver dragon armour
134188 | Pan      | Identified the quicksilver dragon armour "Buykat" {rPois MR+ Dex+3} (You took it off a balrug in Pandemonium)
134253 | Pan      | Got a twitching bone ring
134256 | Pan      | Identified the ring "Vexolus" {Ice Int+6 Stlth+} (You found it in Pandemonium)
134258 | Pan      | Got a slimy turquoise ring
134261 | Pan      | Identified the ring of Oniw {rC+ Str+6 Int+6 Dex-5} (You found it in Pandemonium)
134266 | Pan      | Got a smoking wooden ring
134269 | Pan      | Identified the ring "Ustrajer" {rF+ MR+ Str-2 Stlth+} (You found it in Pandemonium)
134450 | Pan      | Killed Cerebov
134467 | Pan      | Got a fiery rune of Zot
134596 | Pan      | Got an ancient ruby amulet
134599 | Pan      | Identified the amulet "Ziemub" {Ward +Blink rElec rN+ Int-2 Dex+4} (You found it in Pandemonium)
134601 | Pan      | Identified the Handbook of Unholy Talismans (You found it in Pandemonium)
134688 | Pan      | Found an exit through the horrors of the Abyss.
134778 | Pan      | Noticed Diafimewn the pandemonium lord
134786 | Pan      | Killed Diafimewn the pandemonium lord
134816 | Pan      | Upgraded the game from 0.17-a0-1197-g2d00c63 to 0.17-a0-1210-g1e4f09d
135555 | Depths:1 | Escaped Pandemonium
135740 | Depths:1 | Gained mutation: Your mind is acute. (Int +2) [potion of beneficial mutation]
135741 | Depths:1 | Gained mutation: You are partially covered in large bone plates (AC +2, SH +2). [potion of beneficial mutation]
135742 | Depths:1 | Gained mutation: Your muscles are strong. (Str +2) [potion of beneficial mutation]
135805 | Pan      | Entered Pandemonium
135907 | Pan      | Noticed Esakabasch the pandemonium lord
135924 | Pan      | Reached skill level 27 in Evocations
135928 | Pan      | Killed Esakabasch the pandemonium lord
135946 | Pan      | Reached skill level 1 in Translocations
136056 | Pan      | Found an exit through the horrors of the Abyss.
136586 | Pan      | Reached skill level 5 in Translocations
136898 | Pan      | Got a crude arbalest
137099 | Pan      | Found an exit through the horrors of the Abyss.
137781 | Pan      | Entered the realm of Mnoleg.
137834 | Pan      | Noticed Mnoleg
137850 | Pan      | Gained mutation: Your spells are a little easier to cast, but a little less powerful. [a neqoxec]
137864 | Pan      | Killed Mnoleg
137891 | Pan      | Gained mutation: You occasionally shout uncontrollably at your foes. [a neqoxec]
137923 | Pan      | Got a glowing rune of Zot
138030 | Pan      | Lost mutation: Your muscles are strong. (Str +2) [mutagenic meat]
138031 | Pan      | Lost mutation: Scrolls take you a little longer to read. [mutagenic meat]
138032 | Pan      | Lost mutation: You are resistant to hostile enchantments. [mutagenic meat]
138033 | Pan      | Gained mutation: You are partially covered in iridescent scales (AC +4). [mutagenic meat]
138037 | Pan      | Lost mutation: Your spells are a little easier to cast, but a little less powerful. [mutagenic meat]
138038 | Pan      | Lost mutation: You can breathe flames. [mutagenic meat]
138040 | Pan      | Gained mutation: Your spells are a little harder to cast, but a little more powerful. [mutagenic meat]
138041 | Pan      | Gained mutation: You sometimes yell uncontrollably at your foes. [mutagenic meat]
138044 | Pan      | Gained mutation: You can spit weak poison. [mutagenic meat]
138047 | Pan      | Lost mutation: Your magical capacity is low (-10% MP). [mutagenic meat]
138049 | Pan      | Gained mutation: You have large cloven feet. [mutagenic meat]
138179 | Pan      | Found an exit through the horrors of the Abyss.
138836 | Pan      | Noticed Nymah the pandemonium lord
138857 | Pan      | Killed Nymah the pandemonium lord
138974 | Pan      | Found an exit through the horrors of the Abyss.
139440 | Pan      | Found an exit through the horrors of the Abyss.
139633 | Pan      | Noticed Eruek the pandemonium lord
139643 | Pan      | Killed Eruek the pandemonium lord
139679 | Pan      | Got a fine steel ring
139683 | Pan      | Identified the ring "Omue" {rPois Int+6} (You found it in Pandemonium)
140336 | Pan      | Found an exit through the horrors of the Abyss.
140372 | Pan      | Noticed Oblimpua the pandemonium lord
140391 | Pan      | Killed Oblimpua the pandemonium lord
141406 | Pan      | Found an exit through the horrors of the Abyss.
141488 | Pan      | Noticed Miuxent the pandemonium lord
141520 | Pan      | Killed Miuxent the pandemonium lord
141760 | Pan      | Found a runed door.
141800 | Pan      | Found a runed door.
141801 | Pan      | Found a runed door.
141804 | Pan      | Found a runed door.
141805 | Pan      | Noticed Cesev the pandemonium lord
141820 | Pan      | Killed Cesev the pandemonium lord
141836 | Pan      | Found an exit through the horrors of the Abyss.
141848 | Pan      | Got a pair of encrusted boots
141891 | Pan      | Identified the +0 pair of boots "Ufimeag" {rF+ Regen+ Str-4 Dex-4} (You found it in Pandemonium)
142941 | Pan      | Found an exit through the horrors of the Abyss.
142987 | Pan      | Got a pair of ichor-stained boots
142988 | Pan      | Identified the +3 pair of boots "Xadauff" {*Confuse Int+4} (You acquired it in Pandemonium)
143549 | Pan      | Noticed Boqiu the pandemonium lord
143559 | Pan      | Killed Boqiu the pandemonium lord
143763 | Pan      | Noticed Bekh the pandemonium lord
143776 | Pan      | Killed Bekh the pandemonium lord
143851 | Pan      | Found an exit through the horrors of the Abyss.
144405 | Pan      | Noticed Keitz the pandemonium lord
144418 | Pan      | Killed Keitz the pandemonium lord
144643 | Pan      | Got a pair of jewelled gloves
144644 | Pan      | Identified the cursed +0 pair of gloves "Equruami" {+Inv Dex+5} (You found it in Pandemonium)
144675 | Pan      | Found an exit through the horrors of the Abyss.
145067 | Pan      | Entered the realm of Lom Lobon.
145118 | Pan      | Found an exit through the horrors of the Abyss.
145344 | Pan      | Noticed Lom Lobon
145372 | Pan      | Killed Lom Lobon
145447 | Pan      | Got a magical rune of Zot
146023 | Pan      | Noticed Farutup the pandemonium lord
146038 | Pan      | Killed Farutup the pandemonium lord
146195 | Pan      | Found an exit through the horrors of the Abyss.
146478 | Depths:1 | Escaped Pandemonium
146903 | Zot:5    | Entered Level 5 of the Realm of Zot
147170 | Zot:5    | Noticed an ancient lich
147184 | Zot:5    | Killed an ancient lich
147194 | Zot:5    | Noticed an ancient lich
147204 | Zot:5    | Killed an ancient lich
147208 | Zot:5    | Noticed an orb of fire
147210 | Zot:5    | Noticed an orb of fire
147226 | Zot:5    | Lost mutation: Your mind is acute. (Int +2) [an orb of fire]
147229 | Zot:5    | Killed an orb of fire
147233 | Zot:5    | Killed an orb of fire
147248 | Zot:5    | Noticed an ancient lich
147251 | Zot:5    | Noticed an orb of fire
147253 | Zot:5    | Killed an ancient lich
147278 | Zot:5    | Killed an orb of fire
147336 | Zot:5    | Got a shimmering battleaxe
147339 | Zot:5    | Identified the +7 battleaxe of Gevvomni {flame, *Confuse Str+5 Int+3} (You found it on level 5 of the Realm of Zot)
147460 | Zot:5    | Noticed an ancient lich
147471 | Zot:5    | Noticed an orb of fire
147473 | Zot:5    | Noticed an orb of fire
147477 | Zot:5    | Killed an ancient lich
147500 | Zot:5    | Killed an orb of fire
147520 | Zot:5    | Killed an orb of fire
147593 | Zot:5    | Noticed an ancient lich
147609 | Zot:5    | Killed an ancient lich
147780 | Zot:5    | Noticed an ancient lich
147787 | Zot:5    | Killed an ancient lich
147946 | Zot:5    | Got the Orb of Zot
148290 | Depths:5 | Noticed Ysips the pandemonium lord
148305 | Depths:5 | Killed Ysips the pandemonium lord
148609 | D:10     | Noticed Zeahuaf the pandemonium lord
148626 | D:10     | Killed Zeahuaf the pandemonium lord
148728 | D:7      | Killed an ice statue
149119 | D:$      | Escaped with the Orb!

Vault maps used:
D:1:      enne_arrival_octagon_isle, roderic_roman_lattice
D:2:      hangedman_feature_mirror
D:3:      gammafunk_temple_overflow_statue, uniq_crazy_yiuf_cottage
D:4:      uniq_robin
D:5:      minmay_goblin_kobold_castle, first_bread, portal_sewer_entry_a,
          uniq_blork_the_orc
D:6:      kennysheep_orc_sif_temple, minmay_misc_feat_rows,
          corexii_hall_statues_l
D:7:      lemuel_ice_statue, lemuel_doored_altar, minmay_temple_entry_nine_rooms
D:8:      grunt_qazlal_clouds, overflow_temple_1_default, serial_shops,
          nicolae_shop_behind_doors
D:9:      overflow_temple_1_default, old_standard_altar,
          hangedman_little_slice_of_home, kennysheep_dice
D:10:     minmay_lair_entry_grove, serial_shops, nicolae_shop_statue_plus,
          uniq_erolcha
D:11:     minmay_orc_entry_guard_dogs, serial_shops, nicolae_shop_waterfront,
          nemelex_xobeh_ov_fountains_minmay, uniq_erica, uniq_harold,
          uniq_maurice, uniq_maud
D:13:     erik_vaults_1, serial_shops, nicolae_shop_window_shopping, shop_coins,
          shop, nicolae_shop_waterfront
D:14:     fedhas_altar_1, uniq_kirke
D:15:     grunt_enter_depths_magical_seal, lemuel_crystal_altar
Temple:   circular_temple_12
Lair:1:   nicolae_volcano_entry_s_turn
Lair:2:   roderic_batcave, infiniplex_staircase_pool
Lair:3:   serial_bayou_shore_a
Lair:4:   patterned_corridor, uniq_nergalle
Lair:5:   nicolae_swamp_entry_splash_gauntlet, st_stairs_13
Lair:6:   dummy_snake_entry, dpeg_slime_entry_enclosed_altar
Lair:7:   minmay_stone_trees_small
Lair:8:   evilmike_catoblepas_cave
Swamp:1:  evilmike_swamp_ruin_house_1, swamp_pool3
Swamp:2:  evilmike_swamp_ruin_rubble_2, uniq_louise, uniq_jorgrun, uniq_roxanne
Swamp:3:  serial_swamp_ruin, evilmike_swamp_ruin_house_2,
          evilmike_swamp_ruin_house_4
Swamp:4:  swamp_pestilence, uniq_nikola
Snake:2:  serial_shops, shop, shop, minmay_snake_pond
Snake:3:  kennysheep_snake
Snake:4:  snake_pit
Slime:1:  nicolae_slime_jelly_donut
Orc:2:    uniq_rupert, uniq_snorg
Orc:3:    nicolae_orc_pool_cavern
Orc:4:    st_orc_elflike
Elf:1:    eino_elf_arrival_the_gate, serial_shops, shop_fountains,
          hangedman_elf_represent, spider_trap, uniq_agnes, uniq_asterion
Elf:3:    minmay_elf_hall, uniq_saint_roka, uniq_wiglaf
Vaults:1: nicolae_vaults_alarming, nicolae_vaults_three_branches,
          vaults_dpeg_spiral, vaults_dpeg_hooks,
          nicolae_vaults_little_squares_6, nicolae_vaults_yaktaur_gun_rack,
          ontoclasm_vaults_twist, hangedman_vaults_locks, v_rooms_1,
          hangedman_vaults_trim
Vaults:2: st_quartered_hall, vaults_room_grid, v_misc_18,
          hangedman_vaults_restitches, grunt_vaults_funnel,
          hangedman_vaults_unwind, vaults_dpeg_diagonal,
          nicolae_vaults_little_ls, vaults_mumra_hexcomb,
          nicolae_vaults_shelves_hall
Vaults:3: v_misc_5, v_rooms_6, dpeg_vaults_waves,
          ontoclasm_vaults_decontamination, v_rooms_2,
          minmay_crypt_entry_vampire_xt, vaults_mumra_chevron_long,
          hangedman_vaults_stretched_pinwheel, v_misc_26,
          hangedman_vaults_nodes, vaults_room_pools, uniq_norris
Vaults:4: nicolae_vaults_disjoint_gnomons, hangedman_vaults_corner_blocks,
          ontoclasm_vaults_spin, hangedman_vaults_restitches,
          nicolae_vaults_stairing_the_circle, v_pattern_1,
          nicolae_vaults_windows_and_doors_thing, vaults_room_semicircle,
          nicolae_vaults_little_squares_4, v_misc_15, vaults_room_hallway,
          st_more_cells, nicolae_vaults_shelves_hall, serial_shops,
          bzr_firewalk, uniq_xtahua, uniq_donald, uniq_jory
Crypt:3:  grunt_crypt_end_deaths_head, uniq_sojobo
Depths:1: hell_entry, nicolae_benzene_ring, pan_entry,
          hangedman_abyss_entry_splay, minmay_pinched_square, uniq_aizul
Depths:2: minmay_quantized_circle, nicolae_trove_entry_path_of_doom,
          nicolae_abyss_entry_one_way_or_another, minmay_misc_feat_more_columns,
          hell_entry
Depths:3: evilmike_inaccessible_box, hell_entry, rand_demon_pan_entry_3,
          sword_in_stone, infiniplex_staircase_pillars_1, uniq_enchantress,
          uniq_mara
Depths:4: hangedman_cross_stitches, abyss_entry_crystal, minmay_door_square,
          grunt_pan_entry_spiral, pf_hell_entry_tar_spiral,
          infiniplex_staircase_diamond, uniq_margery, uniq_boris
Depths:5: grunt_zot_entry_bicorn, enter_ziggurat_a, hell_entry,
          corexii_leaking_fountain
Dis:5:    hangedman_dis_decor_blocks_talon
Dis:7:    iron_city_of_dis
Geh:4:    grunt_megastairs_3
Geh:7:    geh_hangedman
Coc:2:    serial_ice, serial_ice_c, serial_ice_o, serial_ice_g
Coc:7:    coc_mu
Tar:3:    grunt_deathspiral_small
Tar:4:    lemuel_nasty_fountain
Tar:6:    nicolae_tar_cuneiform_not
Tar:7:    tar_old
Zot:2:    grunt_megastairs_4, basic_stair_grate_trap
Zot:5:    hangedman_zot_diagonal_lockstep
Abyss:1:  evilmike_abyss_exit_5, hangedman_cross_veins, hangedman_abyss_sting,
          evilmike_abyss_exit_plants, small_statue_intersection,
          evilmike_abyss_exit_chaos, bh_abyss_negative
Abyss:2:  serial_sigils_hangedman_snap, hangedman_abyss_or_decor_stagger,
          evilmike_abyss_exit_5, abyss_exit_lava, bh_abyss_exit_grid,
          hangedman_relentless_pull
Abyss:3:  bh_silent_lugonu_exit, evilmike_abyss_exit_16, minivault_24,
          minivault_11, bh_abyss_exit_choice, hangedman_abyss_monster_moat
Abyss:4:  lemuel_flamethrower_2, grunt_abyss_rune_twisted_forest,
          evilmike_abyss_exit_4, evilmike_abyss_exit_mutagenic,
          hangedman_abyss_or_decor_lesser_grid, bh_abyss_exit_choice,
          hangedman_decor_lopped, minivault_4, guppyfry_abyss_exit_imp_island,
          evilmike_abyss_exit_17, minivault_19
Abyss:5:  guppyfry_abyss_exit_spiral_guarded, nicolae_abyss_rune_left_handed,
          hangedman_decor_riveting, minivault_1, minivault_28,
          evilmike_abyss_exit_11, evilmike_abyss_exit_11, evilmike_abyss_exit_2
Pan:      evilmike_mini_pan_diamond, nicolae_pan_lom_lobonic_3, pan_disco_hall,
          pan_blood_fountain_2, rand_demon_2, evilmike_mini_pan_corridor,
          rand_demon_1, pan_surprise, nicolae_pan_glass_arcs,
          pan_blood_fountain_small, evilmike_mini_pan_pillars, rand_demon_2,
          nicolae_pan_glass_arcs, nicolae_pan_glass_arcs,
          nicolae_pan_mnolegish_1, evilmike_mini_pan_thingy,
          pan_blood_fountain_small, rand_demon_3, nicolae_pan_lom_lobonic_1,
          nicolae_pan_sigil_nadil, rand_demon_4, rand_demon_1,
          evilmike_mini_pan_other_thingy, pan_blood_fountain,
          nicolae_pan_lom_lobonic_2, lemuel_hall_of_pain, rand_demon_8,
          rand_demon_9, pan_blood_fountain_small, enter_ziggurat_pan_b,
          evilmike_mini_pan_other_thingy, evilmike_mini_pan_corner,
          rand_demon_4, pan_blood_fountain, uniq_mennas_pan,
          nicolae_pan_lom_lobonic_1, gloorx_vloq_st, grunt_pan_zigzag,
          evilmike_mini_pan_pillars_b, rand_demon_5, lemuel_hellion_island,
          evilmike_cerebov_lava, nicolae_pan_sigil_eeng, grunt_pan_in_and_out,
          rand_demon_8, pan_blood_fountain_2, reaverb_pan_squares,
          nicolae_pan_sigil_nadil, reaverb_pan_figure_eight,
          nicolae_pan_cerebovesque_1, evilmike_mini_pan_pillars, mnoleg_grunt,
          pan_blood_fountain_small, rand_demon_1, evilmike_mini_pan_pillars_b,
          evilmike_mini_pan_thingy, evilmike_mini_pan_T, rand_demon_7,
          rand_demon_4, evilmike_mini_pan_3x3, nicolae_pan_mnolegish_2,
          grunt_pan_sceptre, pan_blood_fountain_small, nicolae_pan_mnolegish_3,
          reaverb_pan_chaos_star, lom_lobon_st, pan_blood_fountain,
          evilmike_mini_pan_branches, pan_blood_fountain_small
Zig:6:    ziggurat_pillar_centre_oklobs
Zig:8:    ziggurat_pillar_centre_dead_trees
Zig:9:    ziggurat_loot_3
Zig:16:   ziggurat_pillar_centre_drop
Zig:22:   ziggurat_pillar_centre_more_plants
Zig:27:   ziggurat_loot_1
Bazaar:   bazaar_minmay_armour_weapon
Trove:    trove_library
Sewer:    sewer_co_purgy_island

Action                   |  1- 3 |  4- 6 |  7- 9 | 10-12 | 13-15 | 16-18 | 19-21 | 22-24 | 25-27 || total
-------------------------+-------+-------+-------+-------+-------+-------+-------+-------+-------++-------
Melee: War axe           |    69 |   211 |   586 |   749 |       |       |       |       |       ||  1615
       Broad axe         |       |       |       |   158 |  1113 |  1059 |  1074 |  1527 | 22330 || 27261
 Cast: Stoneskin         |       |       |       |       |       |       |       |       |    75 ||    75
       Song of Slaying   |       |       |       |       |       |       |       |       |    63 ||    63
       Silence           |       |       |       |       |       |       |       |       |    40 ||    40
       Haste             |       |       |       |       |       |       |       |       |    30 ||    30
       Necromutation     |       |       |       |       |       |       |       |       |    12 ||    12
       Shroud of Golubri |       |       |       |       |       |       |       |       |     8 ||     8
       Dispel Undead     |       |       |       |       |       |       |       |       |     7 ||     7
       Death Channel     |       |       |       |       |       |       |       |       |     5 ||     5
       Control Teleport  |       |       |       |       |       |       |       |       |     2 ||     2
       Irradiate         |       |       |       |       |       |       |       |       |     1 ||     1
       Cigotuvi's Embrac |       |       |       |       |       |       |       |       |     1 ||     1
Invok: Lesser Servant of |       |       |       |       |       |       |       |       |     5 ||     5
 Abil: Device Recharging |       |       |       |     2 |       |       |       |       |       ||     2
       Breathe Fire      |       |       |       |       |       |       |     1 |       |       ||     1
       Evoke Flight      |       |       |       |       |       |       |       |       |     6 ||     6
Evoke: Wand              |       |     1 |    18 |    35 |     4 |     2 |     1 |     1 |   113 ||   175
       Deck              |       |       |       |       |       |     1 |     2 |       |     2 ||     5
       Box of beasts     |       |       |       |       |       |       |       |       |     2 ||     2
       Stone of tremors  |       |       |       |       |       |       |       |       |     1 ||     1
  Use: Potion            |       |     4 |     3 |     5 |     3 |     6 |     2 |     3 |   101 ||   127
       Scroll            |       |     6 |     5 |    18 |    10 |     8 |     4 |     8 |   189 ||   248
 Stab: Petrified         |       |       |       |       |     2 |       |       |       |    33 ||    35
       Distracted        |       |       |       |       |       |     1 |       |       |    36 ||    37
       Invisible         |       |       |       |       |       |       |    15 |       |    30 ||    45
       Petrifying        |       |       |       |       |       |       |       |       |    15 ||    15
       Paralysed         |       |       |       |       |       |       |       |       |     8 ||     8
       Sleeping          |       |       |       |       |       |       |       |       |     3 ||     3
       Held in net/web   |       |       |       |       |       |       |       |       |     2 ||     2
       Confused          |       |       |       |       |       |       |       |       |     1 ||     1
  Eat: Chunk             |       |     4 |     8 |    16 |    22 |    18 |    45 |    94 |   303 ||   510
       Pizza             |       |       |     2 |       |     1 |     2 |     2 |     2 |     9 ||    18
       Fruit             |       |       |     4 |       |    12 |     1 |    10 |     3 |    38 ||    68
       Beef jerky        |       |       |     1 |     2 |     3 |     1 |     3 |     1 |    26 ||    37
       Royal jelly       |       |       |       |     1 |       |       |     1 |       |     1 ||     3
       Bread ration      |       |       |       |       |       |     3 |     1 |     1 |    54 ||    59
       Meat ration       |       |       |       |       |       |       |       |     2 |     5 ||     7
